Workbook

Sheet Cover Sheet
A1: Purpose: This spreadsheet calculates milestones and results for the Global Biodiversity Framework Fund Annual Review, International Climate Finance (ICF) Indicator, and Defra Indicator (DI) returns
A3: Methodology: Details of the methodology is given in each tab, but a rough outline is given below. Milestones are based on the expected results of the 2024 Business Case, in proportion to the amount of funding spent in relation to the £100m. Results of the fund are based on projected results from GBFF funded projects. These are attributed to the UK according the proportion of the total pot contributed by the UK. Further adjustments are made to account for the historic success rate of GEF projects, ICF eligibility, and double counting (where applicable) 2026 update: The methodology used for calculating milestones and apportioning results from UK funding have been updated for AR26 and beyond. When apportioning results for the GBFF, 2024-2028 is now being considered as a complete four-year programme in which the UK has contributed $70m (£55m). This is equivalent to 18.3% of a total GBFF pot of $386m made available for projects and administrative costs. To limit the impact of annual differences in spending commitments, this overall average figure will be used to apportion results to UK spending – meaning the UK government will claim 18.3% of aggregate results of GBFF projects approved each AR period (May-May). When setting milestones, it is now assumed that results will be delivered linearly over a three year period.
A5: Structure: The Spreadsheet is Structured as follows: Green tabs are inputs, Yellow tabs aggregate project level results, Orange tabs are Annual Review calculations, and Blue tabs are ICF calculations

Sheet Inputs
B1: Table 1: Inputs
B2: Input | C2: Value | D2: Explaination | E2: Source
B3: GEF Success factor | C3: 0.8 | D3: As this Annual Review relies on anticipated, rather than actual, results, a success factor of 80% is applied. Value based on the historic GEF performance | E3: GEF Secretariat
B4: Double Counting Adjustment | C4: 0.95 | D4: A discount is made to ICF KPI 17 relating to land under improved management to account for neglible double counting. | E4: GEF Secretariat
B5: Financing adjustment for non alignment with ICF definitions | C5: 0.5 | D5: GEF noted that not all of their 'co-finance' results would fit the ICF definition. The results have been conservatively discounted by 50% in result. | E5: GEF Secretariat
B7: Exchange rates | D7: Annual averages used because precise date of exchanges not always known.
A8: USD-GBP conversion | B8: May 2024 - May 2025 | C8: 0.782 | D8: Average USD-GBP exchange rate from 06/05/24 - 05/05/25. | E8: https://www.bankofengland.co.uk/boeapps/database/index.asp?Travel=NIxIRx&levels=2&G0Xtop.x=97&G0Xtop.y=21&XNotes=Y&C=C8P&Nodes=X3790X3791X3873X33940X3836&SectionRequired=I&HideNums=-1&ExtraInfo=true#BM
B9: May 2025 - May 2026 | C9: 0.744 | D9: Average USD-GBP exchange rate from 06/05/25 - 05/05/26.
B10: May 2026 - May 2027 | D10: Average USD-GBP exchange rate from 06/05/26 - 05/05/27.
A12: GBP-USD conversion | B12: May 2024 - May 2025 | C12: =1/C8 -> 1.2787724 | D12: Average GBP-USD exchange rate from 06/05/24 - 05/05/25. | E12: Bank of England | Database
B13: May 2025 - May 2026 | C13: =1/C9 -> 1.344086 | D13: Average GBP-USD exchange rate from 06/05/25 - 05/05/26.
B14: May 2026 - May 2027 | C14: =1/C10 -> #DIV/0! | D14: Average GBP-USD exchange rate from 06/05/26 - 05/05/27.

Sheet Milestone Proportions
A1: Table 2: Actual UK contributions to GBFF
B2: 23/24 | C2: 24/25 | D2: 25/26 | E2: 26/27 | F2: 27/28
A3: Milestone proportion | B3: 0 | C3: =0.55/4 -> 0.1375 | D3: =C3+0.55/4 -> 0.275 | E3: =D3+0.55/4 -> 0.4125 | F3: =E3+0.55/4 -> 0.55
A5: Note: Final targets are set based on estimates in the 2024 Business Case. The Business Case results were based on a £100m spend and the UK ultimately contributed £55m to the GBFF, so the final milestone is 55% of the results estimated in the Business Case. Five "Selection Rounds" were run between Feb 2024 to Dec 2025 to allocate GBFF funding to projects, with the final projects being selected in March 2026. As per the GBFF project cycle, where agencies are expected to submit fully prepared projects for CEO endorsement within 9 months of selection, it is expected that all projects from this phase of the GBFF will be fully approved by early 2027. 2026 update: Milestones are calculated by assuming a linear delivery of 55% of the total estimated in the BC over three AR periods: 24/25, 25/26, and 27/28.

Sheet GBFF Pot
A1: Table 3: UK Contributions to the GBFF in Proportion to Total Funding
A2: Total UK contribution, GBP | B2: =31500000+23500000 -> 55000000
A3: Total UK contribution, USD | B3: 72961857
A4: Total GBFF pot, USD | B4: 386428212
A5: UK Proportion of total pot | B5: =B3/B4 -> 0.1888109
A8: Note: This tab estimates UK contributions to the GBFF as a proportion of total GBFF funding, used to attribute GBFF results to the UK government. Over the entire programme, the UK contributed $73m/$386m of the total GBFF pot made available for projects and administrative costs, so claim 18.9% of aggregate results for projects approved each AR period.

Sheet Project Data
A1: Table 4: Project level results for approved GBFF projects
A2: Project | B2: Country(ies) | C2: Annual Review | D2: SIDS/LDC | E2: Approval year | F2: Grant Cost (USD) | G2: Agency Fee (USD) | H2: PPG Amount (USD) | I2: PPG Agency Fee | J2: Total GEF Cost | K2: Cofinancing | L2: Of which private | M2: Of which public | N2: IPLC Financing | O2: % IPLC | P2: SIDS/LDC Finance | Q2: 1. Terrestrial protected areas created or under improved management (Ha) | R2: 1.1 Terrestiral Protected Areas Newly created (Ha) | S2: 1.2 Terrestrial Protected Areas Under Improved Management (Ha) | T2: 2. Marine protected areas created or under improved management (Ha) | U2: 2.1 Marine Protected Areas Newly created (Ha) | V2: 2.2 Marine Protected Areas Under improved management effectiveness | W2: 3. Area of land and ecosystems under restoration | X2: 3.1 Area of degraded agricultural lands under restoration | Y2: 3.2 Area of forest and forest land under restoration | Z2: 3.3 Area of natural grass and woodland under restoration | AA2: 3.4 Area of wetlands (including estuaries, mangroves) under restoration | AB2: 4. Area of landscape under improved pratice, excluding protected areas (Ha) | AC2: 4.1 Area of landscapes under improved management to benefit biodiversity (Ha) | AD2: 4.2 Area of landscapes under third-party certification incorporating biodiversity considerations (Ha) | AE2: 4.3 Area of landscapes under sustainable land management in production systems (Ha) | AF2: 4.4 Area of High Conservation Value or other forest loss avoided (Ha) | AG2: 5. Area of marine habitat under improved practices (ha) | AH2: 6. Greenhouse Gas Emissions Mitigated (tCO2e) | AI2: 6.a Direct Greenhouse Gas Emissions Mitigated (tCO2e)2 | AJ2: 6.b Indirect Greenhouse Gas Emissions Mitigated (tCO2e) | AK2: 6.1.a Direct Carbon Sequestered or Emissions Avoided in the AFOLU | AL2: 6.1.b Indirect Carbon Sequestered or Emissions Avoided in the AFOLU | AM2: 6.2 Emissions Avoided Outside AFOLU | AN2: 6.3 Energy Saved | AO2: 6.4 Increase in Installed Renewable Energy Capacity per Technology | AP2: 11. People benefiting from GEF investment | AQ2: 11.1 of whom women | AR2: Is defined as Principal or Signifcant for Climate Mitigation and/or Adaptation | AS2: Is Executing Agency an International Financial Institution (IFI) | AT2: 12.Total land under sustainable management
A3: Mex30x30 | B3: Mexico | C3: 2025 | D3: 0 | E3: 2024 | F3: 16672477 | G3: 1500523 | H3: 300000 | I3: 27000 | J3: =SUM(F3:I3) -> 18500000 | K3: 115549532 | L3: 13067000 | M3: =Table1[[#This Row],[Cofinancing]]-Table1[[#This Row],[Of which private]] -> 102482532 | N3: 12146999 | O3: =Table1[[#This Row],[IPLC Financing]]/Table1[[#This Row],[Grant Cost (USD)]] -> 0.72856595 | P3: =Table1[[#This Row],[Grant Cost (USD)]]*Table1[[#This Row],[SIDS/LDC]] -> 0 | Q3: 3665666 | R3: 0 | S3: 3665666 | T3: 22241504 | U3: 0 | V3: 22241504 | W3: 0 | X3: 0 | Y3: 0 | Z3: 0 | AA3: 0 | AB3: 0 | AC3: 0 | AD3: 0 | AE3: 0 | AF3: 0 | AG3: 0 | AH3: =SUM(AI3:AJ3) -> 5700000 | AI3: 5700000 | AJ3: 0 | AK3: 5700000 | AL3: 0 | AM3: 0 | AN3: 0 | AO3: 0 | AP3: 163293 | AQ3: 83000 | AR3: Yes | AS3: No | AT3: =SUM(Q3,T3,W3,AB3,AG3) -> 25907170
A4: Caatinga Protected areas Program | B4: Brazil 1 | C4: 2025 | D4: 0 | E4: 2024 | F4: 8964220 | G4: 806780 | H4: 100000 | I4: 9000 | J4: =SUM(F4:I4) -> 9880000 | K4: 0 | L4: 0 | M4: =Table1[[#This Row],[Cofinancing]]-Table1[[#This Row],[Of which private]] -> 0 | N4: 732155 | O4: =Table1[[#This Row],[IPLC Financing]]/Table1[[#This Row],[Grant Cost (USD)]] -> 0.08167526 | P4: =Table1[[#This Row],[Grant Cost (USD)]]*Table1[[#This Row],[SIDS/LDC]] -> 0 | Q4: 4581821.3 | R4: 100000 | S4: 4581821.3 | T4: 0 | U4: 0 | V4: 0 | W4: 0 | X4: 0 | Y4: 0 | Z4: 0 | AA4: 0 | AB4: 0 | AC4: 0 | AD4: 0 | AE4: 0 | AF4: 0 | AG4: 0 | AH4: =SUM(AI4:AJ4) -> 48837633 | AI4: 4186082.9 | AJ4: 44651551 | AK4: 4186082.9 | AL4: 44651551 | AM4: 0 | AN4: 0 | AO4: 0 | AP4: 4390 | AQ4: 2791 | AR4: Yes | AS4: No | AT4: =SUM(Q4,T4,W4,AB4,AG4) -> 4581821.3
A5: Biodiversity Conservation in Indigenous Lands | B5: Brazil 2 | C5: 2025 | D5: 0 | E5: 2024 | F5: 9064221 | G5: 815779 | H5: 0 | I5: 0 | J5: =SUM(F5:I5) -> 9880000 | K5: 17900000 | L5: 3200000 | M5: =Table1[[#This Row],[Cofinancing]]-Table1[[#This Row],[Of which private]] -> 14700000 | N5: 8632592 | O5: =Table1[[#This Row],[IPLC Financing]]/Table1[[#This Row],[Grant Cost (USD)]] -> 0.95238102 | P5: =Table1[[#This Row],[Grant Cost (USD)]]*Table1[[#This Row],[SIDS/LDC]] -> 0 | Q5: 0 | R5: 0 | S5: 0 | T5: 0 | U5: 0 | V5: 0 | W5: 0 | X5: 0 | Y5: 0 | Z5: 0 | AA5: 0 | AB5: 6400000 | AC5: 6400000 | AD5: 0 | AE5: 0 | AF5: 0 | AG5: 0 | AH5: =SUM(AI5:AJ5) -> 0 | AI5: 0 | AJ5: 0 | AK5: 0 | AL5: 0 | AM5: 0 | AN5: 0 | AO5: 0 | AP5: 61000 | AQ5: 30500 | AR5: Yes | AS5: No | AT5: =SUM(Q5,T5,W5,AB5,AG5) -> 6400000
A6: Addressing Barrers and Leveraging Finance to Achieve T3 in Gabon | B6: Gabon | C6: 2025 | D6: 0 | E6: 2024 | F6: 1364496 | G6: 122804 | H6: 29000 | I6: 2610 | J6: =SUM(F6:I6) -> 1518910 | K6: 0 | L6: 0 | M6: =Table1[[#This Row],[Cofinancing]]-Table1[[#This Row],[Of which private]] -> 0 | N6: 700000 | O6: =Table1[[#This Row],[IPLC Financing]]/Table1[[#This Row],[Grant Cost (USD)]] -> 0.51300993 | P6: =Table1[[#This Row],[Grant Cost (USD)]]*Table1[[#This Row],[SIDS/LDC]] -> 0 | Q6: 1120200 | R6: 0 | S6: 1120200 | T6: 0 | U6: 0 | V6: 0 | W6: 0 | X6: 0 | Y6: 0 | Z6: 0 | AA6: 0 | AB6: 14000 | AC6: 14000 | AD6: 0 | AE6: 0 | AF6: 0 | AG6: 0 | AH6: =SUM(AI6:AJ6) -> 0 | AI6: 0 | AJ6: 0 | AK6: 0 | AM6: 0 | AN6: 0 | AO6: 0 | AP6: 6700 | AQ6: 3350 | AR6: No | AS6: No | AT6: =SUM(Q6,T6,W6,AB6,AG6) -> 1134200
A7: Community-based conservation in context of climate change in DRC | B7: Congo DR | C7: 2025 | D7: 1 | E7: 2025 | F7: 5840868 | G7: 554882 | H7: 150000 | I7: 14250 | J7: =SUM(F7:I7) -> 6560000 | K7: 12000000 | L7: 0 | M7: =Table1[[#This Row],[Cofinancing]]-Table1[[#This Row],[Of which private]] -> 12000000 | N7: 3059503 | O7: =Table1[[#This Row],[IPLC Financing]]/Table1[[#This Row],[Grant Cost (USD)]] -> 0.52380965 | P7: =Table1[[#This Row],[Grant Cost (USD)]]*Table1[[#This Row],[SIDS/LDC]] -> 5840868 | Q7: 0 | R7: 0 | S7: 0 | T7: 0 | U7: 0 | V7: 0 | W7: 14000 | X7: 0 | Y7: 14000 | Z7: 0 | AA7: 0 | AB7: 350000 | AC7: 350000 | AD7: 0 | AE7: 0 | AF7: 0 | AG7: 0 | AH7: =SUM(AI7:AJ7) -> 8616902 | AI7: 1348305 | AJ7: 7268597 | AK7: 1348305 | AL7: 7268597 | AM7: 0 | AN7: 0 | AO7: 0 | AP7: 50000 | AQ7: 25000 | AR7: Yes | AS7: No | AT7: =SUM(Q7,T7,W7,AB7,AG7) -> 364000
A8: Delivering Target 3 in Peru | B8: Peru | C8: 2025 | D8: 0 | E8: 2025 | F8: 11232110 | G8: 1010890 | H8: 300000 | I8: 27000 | J8: =SUM(F8:I8) -> 12570000 | K8: 30069315 | L8: 0 | M8: =Table1[[#This Row],[Cofinancing]]-Table1[[#This Row],[Of which private]] -> 30069315 | N8: 2546717 | O8: =Table1[[#This Row],[IPLC Financing]]/Table1[[#This Row],[Grant Cost (USD)]] -> 0.2267354 | P8: =Table1[[#This Row],[Grant Cost (USD)]]*Table1[[#This Row],[SIDS/LDC]] -> 0 | Q8: 542740.73 | R8: 67579.76 | S8: 475160.97 | T8: 115675.89 | U8: 0 | V8: 115675.89 | W8: 1000 | X8: 0 | Y8: 1000 | Z8: 0 | AA8: 0 | AB8: 3939913.6 | AC8: 3939913.6 | AD8: 0 | AE8: 0 | AF8: 0 | AG8: 0 | AH8: =SUM(AI8:AJ8) -> 347821 | AI8: 347821 | AJ8: 0 | AK8: 347821 | AL8: 0 | AM8: 0 | AN8: 0 | AO8: 0 | AP8: 13370 | AQ8: 6465 | AR8: No | AS8: No | AT8: =SUM(Q8,T8,W8,AB8,AG8) -> 4599330.2
A9: Strengthened transboundrary conservation in Sangha Tri-National | B9: Cameroon, CAR, Congo | C9: 2025 | D9: =1/3 -> 0.33333333 | E9: 2025 | F9: 6460126 | G9: 581411 | H9: 199991 | I9: 17998 | J9: =SUM(F9:I9) -> 7259526 | K9: 464000 | L9: 0 | M9: =Table1[[#This Row],[Cofinancing]]-Table1[[#This Row],[Of which private]] -> 464000 | N9: 1000000 | O9: =Table1[[#This Row],[IPLC Financing]]/Table1[[#This Row],[Grant Cost (USD)]] -> 0.15479574 | P9: =Table1[[#This Row],[Grant Cost (USD)]]*Table1[[#This Row],[SIDS/LDC]] -> 2153375.3 | Q9: 1328275 | R9: 0 | S9: 1328275 | T9: 0 | U9: 0 | V9: 0 | W9: 0 | X9: 0 | Y9: 0 | Z9: 0 | AA9: 0 | AB9: 6000 | AC9: 6000 | AD9: 0 | AE9: 0 | AF9: 0 | AG9: 0 | AH9: =SUM(AI9:AJ9) -> 6765287 | AI9: 6765287 | AJ9: 0 | AK9: 6765287 | AL9: 0 | AM9: 0 | AN9: 0 | AO9: 0 | AP9: 5500 | AQ9: 2200 | AR9: No | AS9: No | AT9: =SUM(Q9,T9,W9,AB9,AG9) -> 1334275
A10: Strengthening the protected area system in Angola through innovation and capacity development | B10: Angola | C10: 2026 | D10: 1 | E10: 2026 | F10: 2827169 | G10: 268581 | H10: 150000 | I10: 14250 | J10: =SUM(F10:I10) -> 3260000 | K10: =3800300+415000+1015000+100000+306700 -> 5637000 | L10: 2000000 | M10: =Table1[[#This Row],[Cofinancing]]-Table1[[#This Row],[Of which private]] -> 3637000 | N10: 1500142 | O10: =Table1[[#This Row],[IPLC Financing]]/Table1[[#This Row],[Grant Cost (USD)]] -> 0.53061632 | P10: =Table1[[#This Row],[Grant Cost (USD)]]*Table1[[#This Row],[SIDS/LDC]] -> 2827169 | Q10: 996000 | R10: - | S10: 996000 | T10: 0 | U10: 0 | V10: 0 | W10: 0 | X10: 0 | Y10: 0 | Z10: 0 | AA10: 0 | AB10: 0 | AC10: 0 | AD10: 0 | AE10: 0 | AF10: 0 | AG10: 0 | AH10: 0 | AI10: 0 | AJ10: 0 | AK10: 0 | AL10: 0 | AM10: 0 | AN10: 0 | AO10: 0 | AP10: 10250 | AQ10: 5270 | AR10: No | AS10: No | AT10: =SUM(Q10,T10,W10,AB10,AG10) -> 996000
A11: Support for the development of a national policy, institutional and monitoring framework to effectively implement the Nagoya Protocol in Belize | B11: Belize | C11: 2026 | D11: 1 | E11: 2025 | F11: 1009361 | G11: 95889 | H11: 50000 | I11: 4750 | J11: =SUM(F11:I11) -> 1160000 | K11: 0 | L11: 0 | M11: =Table1[[#This Row],[Cofinancing]]-Table1[[#This Row],[Of which private]] -> 0 | N11: =201872.2 -> 201872.2 | O11: =Table1[[#This Row],[IPLC Financing]]/Table1[[#This Row],[Grant Cost (USD)]] -> 0.2 | P11: =Table1[[#This Row],[Grant Cost (USD)]]*Table1[[#This Row],[SIDS/LDC]] -> 1009361 | Q11: 0 | R11: 0 | S11: 0 | T11: 0 | U11: 0 | V11: 0 | W11: 0 | X11: 0 | Y11: 0 | Z11: 0 | AA11: 0 | AB11: 0 | AC11: 0 | AD11: 0 | AE11: 0 | AF11: 0 | AG11: 0 | AI11: 0 | AJ11: 0 | AK11: 0 | AL11: 0 | AM11: 0 | AN11: 0 | AO11: 0 | AP11: 200 | AQ11: 100 | AR11: Yes | AS11: No | AT11: =SUM(Q11,T11,W11,AB11,AG11) -> 0
A12: Advancing ABS implementation in Cambodia | B12: Cambodia | C12: 2026 | D12: 1 | E12: 2025 | F12: 1182877 | G12: 112373 | H12: 50000 | I12: 4750 | J12: =SUM(F12:I12) -> 1350000 | K12: 0 | L12: 0 | M12: =Table1[[#This Row],[Cofinancing]]-Table1[[#This Row],[Of which private]] -> 0 | N12: 424383 | O12: =Table1[[#This Row],[IPLC Financing]]/Table1[[#This Row],[Grant Cost (USD)]] -> 0.35877188 | P12: =Table1[[#This Row],[Grant Cost (USD)]]*Table1[[#This Row],[SIDS/LDC]] -> 1182877 | Q12: 0 | R12: 0 | S12: 0 | T12: 0 | U12: 0 | V12: 0 | W12: 4 | X12: 0 | Y12: 4 | Z12: 0 | AA12: 0 | AB12: 3000 | AC12: 3000 | AD12: 0 | AE12: 0 | AF12: 0 | AG12: 0 | AH12: 355676 | AI12: 0 | AJ12: 355676 | AK12: 0 | AL12: 0 | AM12: 0 | AN12: 0 | AO12: 0 | AP12: 5000 | AQ12: 2500 | AR12: No | AS12: No | AT12: =SUM(Q12,T12,W12,AB12,AG12) -> 3004
A13: Biomanglar: Empowering Collective Territories through Conservation, Sustainable Use, and Restoration Initiatives of Mangroves to Contribute to Colombia’s National Biodiversity Strategy | B13: Colombia | C13: 2026 | D13: 0 | E13: 2026 | F13: 14429803 | G13: 1298682 | H13: 300000 | I13: 27000 | J13: =SUM(F13:I13) -> 16055485 | K13: 32764615 | L13: =1150000+850000+206285+1000000+1900000+187986 -> 5294271 | M13: =Table1[[#This Row],[Cofinancing]]-Table1[[#This Row],[Of which private]] -> 27470344 | N13: 4190347 | O13: =Table1[[#This Row],[IPLC Financing]]/Table1[[#This Row],[Grant Cost (USD)]] -> 0.2903953 | P13: =Table1[[#This Row],[Grant Cost (USD)]]*Table1[[#This Row],[SIDS/LDC]] -> 0 | Q13: 215147.56 | R13: 0 | S13: 215148.56 | T13: 404296.36 | V13: 404296.36 | W13: 675 | X13: 0 | Y13: 0 | Z13: 0 | AA13: 675 | AB13: 482984.27 | AC13: 482984.27 | AD13: 0 | AE13: 0 | AF13: 0 | AG13: 535270 | AH13: =SUM(AI13:AJ13) -> 6875428.4 | AI13: 311850 | AJ13: 6563578.4 | AK13: 0 | AL13: 0 | AM13: 0 | AN13: 0 | AO13: 0 | AP13: 3860 | AQ13: 2007 | AR13: Yes | AS13: Yes | AT13: =SUM(Q13,T13,W13,AB13,AG13) -> 1638373.2
A14: Blue Corridor: connectivity for the conservation, restoration and sustainable use of marine ecosystems of global importance in the Southern Caribbean of Costa Rica | B14: Costa Rica | C14: 2026 | D14: 0 | E14: 2026 | F14: 3565596 | G14: 320904 | H14: 150000 | I14: 13500 | J14: =SUM(F14:I14) -> 4050000 | K14: 921622 | L14: 80000 | M14: =Table1[[#This Row],[Cofinancing]]-Table1[[#This Row],[Of which private]] -> 841622 | N14: 1254038 | O14: =Table1[[#This Row],[IPLC Financing]]/Table1[[#This Row],[Grant Cost (USD)]] -> 0.35170502 | P14: =Table1[[#This Row],[Grant Cost (USD)]]*Table1[[#This Row],[SIDS/LDC]] -> 0 | Q14: 0 | R14: 0 | S14: 0 | T14: 28650 | U14: 0 | V14: 28650 | W14: 0 | X14: 0 | Y14: 0 | Z14: 0 | AA14: 0 | AB14: 300 | AC14: 300 | AD14: 0 | AE14: 0 | AF14: 0 | AG14: 26000 | AH14: =SUM(AI14:AJ14) -> 0 | AI14: 0 | AJ14: 0 | AK14: 0 | AL14: 0 | AM14: 0 | AN14: 0 | AO14: 0 | AP14: 2224 | AQ14: 912 | AR14: Yes | AS14: No | AT14: =SUM(Q14,T14,W14,AB14,AG14) -> 54950
A15: EcoHarmony RD: Advancing OECMs for Biodiversity Integration in Dominican Landscapes | B15: Dominican Republic | C15: 2026 | D15: 1 | E15: 2026 | F15: 1875974 | G15: 178218 | H15: 50000 | I15: 4750 | J15: =SUM(F15:I15) -> 2108942 | K15: 0 | L15: 0 | M15: =Table1[[#This Row],[Cofinancing]]-Table1[[#This Row],[Of which private]] -> 0 | N15: 0 | O15: =Table1[[#This Row],[IPLC Financing]]/Table1[[#This Row],[Grant Cost (USD)]] -> 0 | P15: =Table1[[#This Row],[Grant Cost (USD)]]*Table1[[#This Row],[SIDS/LDC]] -> 1875974 | Q15: 0 | R15: 0 | S15: 0 | T15: 0 | U15: 0 | V15: 0 | W15: 0 | X15: 0 | Y15: 0 | Z15: 0 | AA15: 0 | AB15: 18118 | AC15: 18118 | AD15: 0 | AE15: 0 | AF15: 0 | AG15: 1940 | AH15: =SUM(AI15:AJ15) -> 0 | AI15: 0 | AJ15: 0 | AK15: 0 | AL15: 0 | AM15: 0 | AN15: 0 | AO15: 0 | AP15: 500 | AQ15: 250 | AR15: Yes | AS15: No | AT15: =SUM(Q15,T15,W15,AB15,AG15) -> 20058
A16: Enhancing Participatory Conservation and Restoration of Biodiversity and Ecosystem Services in Ethiopia | B16: Ethiopia | C16: 2026 | D16: 1 | E16: 2026 | F16: 3795205 | G16: 360544 | H16: 150000 | I16: 14250 | J16: =SUM(F16:I16) -> 4319999 | K16: 13200000 | L16: 0 | M16: =Table1[[#This Row],[Cofinancing]]-Table1[[#This Row],[Of which private]] -> 13200000 | N16: 1414776 | O16: =Table1[[#This Row],[IPLC Financing]]/Table1[[#This Row],[Grant Cost (USD)]] -> 0.37277986 | P16: =Table1[[#This Row],[Grant Cost (USD)]]*Table1[[#This Row],[SIDS/LDC]] -> 3795205 | Q16: 203978 | R16: 7600 | S16: 196378 | T16: 0 | U16: 0 | V16: 0 | W16: 40000 | X16: 8500 | Y16: 10500 | Z16: =7500+5000 -> 12500 | AA16: 8500 | AB16: 42000 | AC16: 0 | AD16: 0 | AE16: 42000 | AF16: 0 | AG16: 0 | AH16: =SUM(AI16:AJ16) -> 3725503 | AI16: 3725503 | AJ16: 0 | AK16: 0 | AL16: 0 | AM16: 0 | AN16: 0 | AO16: 0 | AP16: 9000 | AQ16: 4500 | AR16: Yes | AS16: No | AT16: =SUM(Q16,T16,W16,AB16,AG16) -> 285978
A17: Enhancing co-benefits of conservation area management through an inclusive wildlife-based ecotourism strategy (WILDLIFE ECOTOURISM) | B17: Indonesia | C17: 2026 | D17: 0 | E17: 2026 | F17: 6192695 | G17: 588305 | H17: 200000 | I17: 19000 | J17: =SUM(F17:I17) -> 7000000 | K17: 21000000 | L17: 0 | M17: =Table1[[#This Row],[Cofinancing]]-Table1[[#This Row],[Of which private]] -> 21000000 | N17: 1363000 | O17: =Table1[[#This Row],[IPLC Financing]]/Table1[[#This Row],[Grant Cost (USD)]] -> 0.22009803 | P17: =Table1[[#This Row],[Grant Cost (USD)]]*Table1[[#This Row],[SIDS/LDC]] -> 0 | Q17: 611650 | R17: 0 | S17: 611650 | T17: 1320987 | U17: 0 | V17: 1320987 | W17: 0 | X17: 0 | Y17: 0 | Z17: 0 | AA17: 0 | AB17: 0 | AC17: 0 | AD17: 0 | AE17: 0 | AF17: 0 | AG17: 0 | AH17: 0 | AI17: 0 | AJ17: 0 | AK17: 0 | AL17: 0 | AM17: 0 | AN17: 0 | AO17: 0 | AP17: 6000 | AQ17: 2400 | AR17: No | AS17: No | AT17: =SUM(Q17,T17,W17,AB17,AG17) -> 1932637
A18: Restoring Forest Ecosystem Functions Through Community-Based Management in the Royal Botanic Garden of Jordan | B18: Jordan | C18: 2026 | D18: 0 | E18: 2025 | F18: 744521 | G18: 70729 | H18: 50000 | I18: 4750 | J18: =SUM(F18:I18) -> 870000 | K18: 120000 | L18: 0 | M18: =Table1[[#This Row],[Cofinancing]]-Table1[[#This Row],[Of which private]] -> 120000 | N18: 151130.25 | O18: =Table1[[#This Row],[IPLC Financing]]/Table1[[#This Row],[Grant Cost (USD)]] -> 0.20298991 | P18: =Table1[[#This Row],[Grant Cost (USD)]]*Table1[[#This Row],[SIDS/LDC]] -> 0 | Q18: 0 | R18: 0 | S18: 0 | T18: 0 | U18: 0 | V18: 0 | W18: 120 | X18: 0 | Y18: 120 | Z18: 0 | AA18: 0 | AB18: 220 | AC18: 0 | AD18: 0 | AE18: 220 | AF18: 0 | AG18: 0 | AH18: =SUM(AI18:AJ18) -> 23363 | AI18: 23363 | AJ18: 0 | AK18: 0 | AL18: 0 | AM18: 0 | AN18: 0 | AO18: 0 | AP18: 400 | AQ18: 200 | AR18: Yes | AS18: No | AT18: =SUM(Q18,T18,W18,AB18,AG18) -> 340
A19: Strengthening Biodiversity in Agriculture, Restoring Ecosystem Resilience, and Empowering IPLCs in Lao PDR | B19: Lao PDR | C19: 2026 | D19: 1 | E19: 2026 | F19: 1739954 | G19: 165296 | H19: 50000 | I19: 4750 | J19: =SUM(F19:I19) -> 1960000 | K19: 700000 | L19: 0 | M19: =Table1[[#This Row],[Cofinancing]]-Table1[[#This Row],[Of which private]] -> 700000 | N19: 777333 | O19: =Table1[[#This Row],[IPLC Financing]]/Table1[[#This Row],[Grant Cost (USD)]] -> 0.44675491 | P19: =Table1[[#This Row],[Grant Cost (USD)]]*Table1[[#This Row],[SIDS/LDC]] -> 1739954 | Q19: 0 | R19: 0 | S19: 0 | T19: 0 | U19: 0 | V19: 0 | W19: 3000 | X19: 0 | Y19: 3000 | Z19: 0 | AA19: 0 | AB19: 9000 | AC19: 9000 | AD19: 0 | AE19: 0 | AF19: 0 | AG19: 0 | AH19: =SUM(AI19:AJ19) -> 720234 | AI19: 720234 | AJ19: 0 | AK19: 0 | AL19: 0 | AM19: 0 | AN19: 0 | AO19: 0 | AP19: 10000 | AQ19: 5000 | AR19: Yes | AS19: No | AT19: =SUM(Q19,T19,W19,AB19,AG19) -> 12000
A20: Sustainable Financing and Inclusive Management to Perpetuate Madagascar’s Locally Managed Marine Areas | B20: Madagascar | C20: 2026 | D20: 1 | E20: 2026 | F20: 5294722 | G20: 476525 | H20: 150000 | I20: 13500 | J20: =SUM(F20:I20) -> 5934747 | K20: 3304484 | L20: =400000+1862484 -> 2262484 | M20: =Table1[[#This Row],[Cofinancing]]-Table1[[#This Row],[Of which private]] -> 1042000 | N20: 1248672 | O20: =Table1[[#This Row],[IPLC Financing]]/Table1[[#This Row],[Grant Cost (USD)]] -> 0.23583334 | P20: =Table1[[#This Row],[Grant Cost (USD)]]*Table1[[#This Row],[SIDS/LDC]] -> 5294722 | Q20: 0 | R20: 0 | S20: 0 | T20: 729285 | U20: 0 | V20: 729285 | W20: 0 | X20: 0 | Y20: 0 | Z20: 0 | AA20: 0 | AB20: 0 | AC20: 0 | AD20: 0 | AE20: 0 | AF20: 0 | AG20: 18400 | AH20: 0 | AI20: 0 | AJ20: 0 | AK20: 0 | AL20: 0 | AM20: 0 | AN20: 0 | AO20: 0 | AP20: 5450 | AQ20: 2725 | AR20: No | AS20: No | AT20: =SUM(Q20,T20,W20,AB20,AG20) -> 747685
A21: Effective protection of Mozambique’s Miombo woodlands and marine hotspot conservation areas enhancing global coping mechanisms to climate change | B21: Mozambique | C21: 2026 | D21: 1 | E21: 2025 | F21: 4323400 | G21: 389106 | H21: 150000 | I21: 13500 | J21: =SUM(F21:I21) -> 4876006 | K21: 16971324 | L21: =10000000+218790+5086044+125000 -> 15429834 | M21: =Table1[[#This Row],[Cofinancing]]-Table1[[#This Row],[Of which private]] -> 1541490 | N21: 1414510 | O21: =Table1[[#This Row],[IPLC Financing]]/Table1[[#This Row],[Grant Cost (USD)]] -> 0.32717537 | P21: =Table1[[#This Row],[Grant Cost (USD)]]*Table1[[#This Row],[SIDS/LDC]] -> 4323400 | Q21: 439000 | R21: 0 | S21: 439000 | T21: 5345520 | U21: 4304594 | V21: 1040926 | W21: 0 | X21: 0 | Y21: 0 | Z21: 0 | AA21: 0 | AB21: 26100 | AC21: 26100 | AD21: 0 | AE21: 0 | AF21: 0 | AG21: 0 | AH21: =SUM(AI21:AJ21) -> 32094070 | AI21: 0 | AJ21: 32094070 | AK21: 0 | AL21: 0 | AM21: 0 | AN21: 0 | AO21: 0 | AP21: 11315 | AQ21: 5619 | AR21: Yes | AS21: No | AT21: =SUM(Q21,T21,W21,AB21,AG21) -> 5810620
A22: Conservation of Endangered cold water fish species for sustainable livelihoods of fishing Communities in Middle Trishuli River Basin, Central Nepal | B22: Nepal | C22: 2026 | D22: 1 | E22: 2026 | F22: 1327630 | G22: 126125 | H22: 50000 | I22: 4750 | J22: =SUM(F22:I22) -> 1508505 | K22: 10000000 | L22: 0 | M22: =Table1[[#This Row],[Cofinancing]]-Table1[[#This Row],[Of which private]] -> 10000000 | N22: 300000 | O22: =Table1[[#This Row],[IPLC Financing]]/Table1[[#This Row],[Grant Cost (USD)]] -> 0.22596657 | P22: =Table1[[#This Row],[Grant Cost (USD)]]*Table1[[#This Row],[SIDS/LDC]] -> 1327630 | Q22: 0 | R22: 0 | S22: 0 | T22: 0 | U22: 0 | V22: 0 | W22: 50 | X22: 0 | Y22: 0 | Z22: 0 | AA22: 50 | AB22: 31000 | AC22: 31000 | AD22: 0 | AE22: 0 | AF22: 0 | AG22: 0 | AH22: 0 | AI22: 0 | AJ22: 0 | AK22: 0 | AL22: 0 | AM22: 0 | AN22: 0 | AO22: 0 | AP22: 24077 | AQ22: 12077 | AR22: Yes | AS22: No | AT22: =SUM(Q22,T22,W22,AB22,AG22) -> 31050
A23: Scaling up biodiversity-positive and culturally inclusive agrifood and agritourism systems in Palau | B23: Palau | C23: 2026 | D23: 1 | E23: 2025 | F23: 1009361 | G23: 95889 | H23: 50000 | I23: 4750 | J23: =SUM(F23:I23) -> 1160000 | K23: 2000000 | L23: 0 | M23: =Table1[[#This Row],[Cofinancing]]-Table1[[#This Row],[Of which private]] -> 2000000 | N23: 491400 | O23: =Table1[[#This Row],[IPLC Financing]]/Table1[[#This Row],[Grant Cost (USD)]] -> 0.48684267 | P23: =Table1[[#This Row],[Grant Cost (USD)]]*Table1[[#This Row],[SIDS/LDC]] -> 1009361 | Q23: 0 | R23: 0 | S23: 0 | T23: 0 | U23: 0 | V23: 0 | W23: 4.04 | X23: 4.04 | Y23: 0 | Z23: 0 | AA23: 0 | AB23: 250.9 | AC23: 250.9 | AD23: 0 | AE23: 0 | AF23: 0 | AG23: 0 | AH23: =SUM(AI23:AJ23) -> 10173 | AI23: 10173 | AJ23: 0 | AK23: 0 | AL23: 0 | AM23: 0 | AN23: 0 | AO23: 0 | AP23: 1233 | AQ23: 620 | AR23: Yes | AS23: No | AT23: =SUM(Q23,T23,W23,AB23,AG23) -> 254.94
A24: Advancing integrated participatory spatial planning to enhance Samoa’s globally significant biodiversity at a national scale | B24: Samoa | C24: 2026 | D24: 1 | E24: 2025 | F24: 1009361 | G24: 95889 | H24: 50000 | I24: 4750 | J24: =SUM(F24:I24) -> 1160000 | K24: 2666667 | L24: 0 | M24: =Table1[[#This Row],[Cofinancing]]-Table1[[#This Row],[Of which private]] -> 2666667 | N24: 241600 | O24: =Table1[[#This Row],[IPLC Financing]]/Table1[[#This Row],[Grant Cost (USD)]] -> 0.23935936 | P24: =Table1[[#This Row],[Grant Cost (USD)]]*Table1[[#This Row],[SIDS/LDC]] -> 1009361 | Q24: 10051 | R24: 10051 | S24: 0 | T24: 0 | U24: 0 | V24: 0 | W24: 0 | X24: 0 | Y24: 0 | Z24: 0 | AA24: 0 | AB24: 44346 | AC24: 44346 | AD24: 0 | AE24: 0 | AF24: 0 | AG24: 0 | AH24: 0 | AI24: 0 | AJ24: 0 | AK24: 0 | AL24: 0 | AM24: 0 | AN24: 0 | AO24: 0 | AP24: 5050 | AQ24: 2525 | AR24: Yes | AS24: No | AT24: =SUM(Q24,T24,W24,AB24,AG24) -> 54397
A25: Philippines Biodiversity Financing Program | B25: Philippines 1 | C25: 2026 | D25: 0 | E25: 2026 | F25: 3502968 | G25: 332782 | H25: 150000 | I25: 14250 | J25: =SUM(F25:I25) -> 4000000 | K25: 31231827 | L25: 0 | M25: =Table1[[#This Row],[Cofinancing]]-Table1[[#This Row],[Of which private]] -> 31231827 | N25: 306800 | O25: =Table1[[#This Row],[IPLC Financing]]/Table1[[#This Row],[Grant Cost (USD)]] -> 0.087582873 | P25: =Table1[[#This Row],[Grant Cost (USD)]]*Table1[[#This Row],[SIDS/LDC]] -> 0 | Q25: 70833 | R25: 0 | S25: 70833 | T25: 46985 | U25: 0 | V25: 46985 | W25: 19900 | X25: 2500 | Y25: 7000 | Z25: 10000 | AA25: 400 | AB25: 29000 | AC25: 19500 | AD25: 0 | AE25: 9500 | AF25: 0 | AG25: 0 | AH25: =SUM(AI25:AJ25) -> 4381712 | AI25: 4381712 | AJ25: 0 | AK25: 0 | AL25: 0 | AM25: 0 | AN25: 0 | AO25: 0 | AP25: 7000 | AQ25: 3500 | AR25: No | AS25: No | AT25: =SUM(Q25,T25,W25,AB25,AG25) -> 166718
A26: Strengthening Globally Significant Biodiversity Corridors in the Philippines through Local Community Empowerment | B26: Philippines 2 | C26: 2026 | D26: 0 | E26: 2026 | F26: 2660600 | G26: 239400 | H26: 91745 | I26: 8255 | J26: =SUM(F26:I26) -> 3000000 | K26: 1285000 | L26: 0 | M26: =Table1[[#This Row],[Cofinancing]]-Table1[[#This Row],[Of which private]] -> 1285000 | N26: 0 | O26: =Table1[[#This Row],[IPLC Financing]]/Table1[[#This Row],[Grant Cost (USD)]] -> 0 | P26: =Table1[[#This Row],[Grant Cost (USD)]]*Table1[[#This Row],[SIDS/LDC]] -> 0 | Q26: 155975 | R26: 0 | S26: 155975 | T26: 241767 | U26: 0 | V26: 241767 | W26: 175 | X26: 0 | Y26: 0 | Z26: 0 | AA26: 175 | AB26: 0 | AC26: 0 | AD26: 0 | AE26: 0 | AF26: 0 | AG26: 0 | AH26: 0 | AI26: 0 | AJ26: 0 | AK26: 0 | AL26: 0 | AM26: 0 | AN26: 0 | AO26: 0 | AP26: 15000 | AQ26: 7500 | AR26: Yes | AS26: Yes | AT26: =SUM(Q26,T26,W26,AB26,AG26) -> 397917
A27: Support for the development of protected areas for the conservation of biodiversity | B27: Senegal | C27: 2026 | D27: 1 | E27: 2025 | F27: 1547831 | G27: 147044 | H27: 50000 | I27: 4750 | J27: =SUM(F27:I27) -> 1749625 | K27: 1123500 | L27: 0 | M27: =Table1[[#This Row],[Cofinancing]]-Table1[[#This Row],[Of which private]] -> 1123500 | N27: 574750 | O27: =Table1[[#This Row],[IPLC Financing]]/Table1[[#This Row],[Grant Cost (USD)]] -> 0.37132607 | P27: =Table1[[#This Row],[Grant Cost (USD)]]*Table1[[#This Row],[SIDS/LDC]] -> 1547831 | Q27: 0 | R27: 0 | S27: 0 | T27: 0 | U27: 0 | V27: 0 | W27: 45 | X27: 0 | Y27: 0 | Z27: 45 | AA27: 0 | AB27: 0 | AC27: 0 | AD27: 0 | AE27: 0 | AF27: 0 | AG27: 0 | AH27: 0 | AI27: 0 | AJ27: 0 | AK27: 0 | AL27: 0 | AM27: 0 | AN27: 0 | AO27: 0 | AP27: 10000 | AQ27: 5045 | AR27: No | AS27: No | AT27: =SUM(Q27,T27,W27,AB27,AG27) -> 45
A28: Reimagining National Parks for People and Nature – Leveraging Durable Financing Mechanisms for Mega Living Landscapes (MLL) to achieve Target 3 in South Africa | B28: South Africa | C28: 2026 | D28: 0 | E28: 2025 | F28: 4437156 | G28: 399344 | H28: 150000 | I28: 13500 | J28: =SUM(F28:I28) -> 5000000 | K28: 0 | L28: 0 | M28: =Table1[[#This Row],[Cofinancing]]-Table1[[#This Row],[Of which private]] -> 0 | N28: 0 | O28: =Table1[[#This Row],[IPLC Financing]]/Table1[[#This Row],[Grant Cost (USD)]] -> 0 | P28: =Table1[[#This Row],[Grant Cost (USD)]]*Table1[[#This Row],[SIDS/LDC]] -> 0 | Q28: 942750 | R28: 50000 | S28: 892750 | T28: 0 | U28: 0 | V28: 0 | W28: 0 | X28: 0 | Y28: 0 | Z28: 0 | AA28: 0 | AB28: 40000 | AC28: 40000 | AD28: 0 | AE28: 0 | AF28: 0 | AG28: 0 | AH28: 0 | AI28: 0 | AJ28: 0 | AK28: 0 | AL28: 0 | AM28: 0 | AN28: 0 | AO28: 0 | AP28: 7837 | AQ28: 4702 | AR28: No | AS28: No | AT28: =SUM(Q28,T28,W28,AB28,AG28) -> 982750
A29: ="Count: "&COUNTA(Table1[Project])&" Projects" -> Count: 26 Projects | F29: =SUM(Table1[Grant Cost (USD)]) -> 122074702 | G29: =SUM(Table1[Agency Fee (USD)]) -> 11154694 | H29: =SUM(Table1[PPG Amount (USD)]) -> 3170736 | I29: =SUM(Table1[PPG Agency Fee]) -> 291613 | J29: =SUM(Table1[Total GEF Cost]) -> 136691745 | K29: =SUM(Table1[Cofinancing]) -> 3.1890889e+08 | L29: =SUM(Table1[Of which private]) -> 41333589 | M29: =SUM(Table1[Of which public]) -> 2.775753e+08 | N29: =SUM(Table1[IPLC Financing]) -> 44672719 | O29: =SUMPRODUCT(Table1[% IPLC],Table1[Grant Cost (USD)])/SUM(Table1[Total GEF Cost]) -> 0.32681359 | P29: =SUM(Table1[SIDS/LDC Finance]) -> 34937088 | Q29: =SUM(Table1[1. Terrestrial protected areas created or under improved management (Ha)]) -> 14884088 | R29: =SUM(Table1[1.1 Terrestiral Protected Areas Newly created (Ha)]) -> 235230.76 | S29: =SUM(Table1[1.2 Terrestrial Protected Areas Under Improved Management (Ha)]) -> 14748858 | T29: =SUM(Table1[2. Marine protected areas created or under improved management (Ha)]) -> 30474670 | U29: =SUM(Table1[2.1 Marine Protected Areas Newly created (Ha)]) -> 4304594 | V29: =SUM(Table1[2.2 Marine Protected Areas Under improved management effectiveness]) -> 26170076 | W29: =SUM(Table1[3. Area of land and ecosystems under restoration]) -> 78973.04 | X29: =SUM(Table1[3.1 Area of degraded agricultural lands under restoration]) -> 11004.04 | Y29: =SUM(Table1[3.2 Area of forest and forest land under restoration]) -> 35624 | Z29: =SUM(Table1[3.3 Area of natural grass and woodland under restoration]) -> 22545 | AA29: =SUM(Table1[3.4 Area of wetlands (including estuaries, mangroves) under restoration]) -> 9800 | AB29: =SUM(Table1[4. Area of landscape under improved pratice, excluding protected areas (Ha)]) -> 11436233 | AC29: =SUM(Table1[4.1 Area of landscapes under improved management to benefit biodiversity (Ha)]) -> 11384513 | AD29: =SUM(Table1[4.2 Area of landscapes under third-party certification incorporating biodiversity considerations (Ha)]) -> 0 | AE29: =SUM(Table1[4.3 Area of landscapes under sustainable land management in production systems (Ha)]) -> 51720 | AF29: =SUM(Table1[4.4 Area of High Conservation Value or other forest loss avoided (Ha)]) -> 0 | AG29: =SUM(Table1[5. Area of marine habitat under improved practices (ha)]) -> 581610 | AH29: =SUM(Table1[6. Greenhouse Gas Emissions Mitigated (tCO2e)]) -> 1.184538e+08 | AI29: =SUM(Table1[6.a Direct Greenhouse Gas Emissions Mitigated (tCO2e)2]) -> 27520331 | AJ29: =SUM(Table1[6.b Indirect Greenhouse Gas Emissions Mitigated (tCO2e)]) -> 90933472 | AK29: =SUM(Table1[6.1.a Direct Carbon Sequestered or Emissions Avoided in the AFOLU]) -> 18347496 | AL29: =SUM(Table1[6.1.b Indirect Carbon Sequestered or Emissions Avoided in the AFOLU]) -> 51920148 | AM29: =SUM(Table1[6.2 Emissions Avoided Outside AFOLU]) -> 0 | AN29: =SUM(Table1[6.3 Energy Saved]) -> 0 | AO29: =SUM(Table1[6.4 Increase in Installed Renewable Energy Capacity per Technology]) -> 0 | AP29: =SUM(Table1[11. People benefiting from GEF investment]) -> 438649 | AQ29: =SUM(Table1[11.1 of whom women]) -> 220758 | AT29: =SUM(Table1[12.Total land under sustainable management]) -> 57455574

Sheet Milestones
A1: Table 5: Milestone estimates for GBF Fund | E1: Annual Review Year
A2: Outcome Indicators | B2: Estimated in BC | C2: Success factor (80%) | E2: 2025 Milestone | F2: 2026 Milestone | G2: 2027 Milestone | H2: 2028 Milestone
A3: 1. Number of people supported to cope with the effects of climate change as a result of ICF investment | B3: 0 | C3: =B3*Inputs!$C$3 -> 0 | E3: =$C3*'Milestone Proportions'!C$3 -> 0 | F3: =$C3*'Milestone Proportions'!D$3 -> 0 | G3: =$C3*'Milestone Proportions'!E$3 -> 0 | H3: =$C3*'Milestone Proportions'!F$3 -> 0
A4: 2. Greenhouse gas emissions reduced or avoided (tCO2e) as a result of ICF investment | B4: 56255796 | C4: =B4*Inputs!$C$3 -> 45004637 | E4: =$C4*'Milestone Proportions'!C$3 -> 6188137.6 | F4: =$C4*'Milestone Proportions'!D$3 -> 12376275 | G4: =$C4*'Milestone Proportions'!E$3 -> 18564413 | H4: =$C4*'Milestone Proportions'!F$3 -> 24752550
A5: 3. Volume of public finance mobilised for climate change purposes as a result of ICF investment (£m) | B5: 0 | C5: =B5*Inputs!$C$3 -> 0 | E5: =$C5*'Milestone Proportions'!C$3 -> 0 | F5: =$C5*'Milestone Proportions'!D$3 -> 0 | G5: =$C5*'Milestone Proportions'!E$3 -> 0 | H5: =$C5*'Milestone Proportions'!F$3 -> 0
A6: 4. Volume of private finance mobilised for climate change purposes as a result of ICF investment (£m) | B6: 0 | C6: =B6*Inputs!$C$3 -> 0 | E6: =$C6*'Milestone Proportions'!C$3 -> 0 | F6: =$C6*'Milestone Proportions'!D$3 -> 0 | G6: =$C6*'Milestone Proportions'!E$3 -> 0 | H6: =$C6*'Milestone Proportions'!F$3 -> 0
A7: 5. Hectares of land (m) that have received sustainable land management practices as a result of ICF investment | B7: =SUM(B10:B14) -> 31470682 | C7: =B7*Inputs!$C$3 -> 25176546 | E7: =$C7*'Milestone Proportions'!C$3 -> 3461775 | F7: =$C7*'Milestone Proportions'!D$3 -> 6923550 | G7: =$C7*'Milestone Proportions'!E$3 -> 10385325 | H7: =$C7*'Milestone Proportions'!F$3 -> 13847100
A9: Output Indicators
A10: 1. Terrestrial protected areas created or under improved management for conservation and sustainable use (ha) | B10: 9190315 | C10: =B10*Inputs!$C$3 -> 7352252 | E10: =$C10*'Milestone Proportions'!C$3 -> 1010934.7 | F10: =$C10*'Milestone Proportions'!D$3 -> 2021869.3 | G10: =$C10*'Milestone Proportions'!E$3 -> 3032804 | H10: =$C10*'Milestone Proportions'!F$3 -> 4043738.6
A11: 2. Marine protected areas created or under improved management for conservation and sustainable use (ha) | B11: 1737929 | C11: =B11*Inputs!$C$3 -> 1390343.2 | E11: =$C11*'Milestone Proportions'!C$3 -> 191172.19 | F11: =$C11*'Milestone Proportions'!D$3 -> 382344.38 | G11: =$C11*'Milestone Proportions'!E$3 -> 573516.57 | H11: =$C11*'Milestone Proportions'!F$3 -> 764688.76
A12: 3. Area of land restored (ha) | B12: 150471 | C12: =B12*Inputs!$C$3 -> 120376.8 | E12: =$C12*'Milestone Proportions'!C$3 -> 16551.81 | F12: =$C12*'Milestone Proportions'!D$3 -> 33103.62 | G12: =$C12*'Milestone Proportions'!E$3 -> 49655.43 | H12: =$C12*'Milestone Proportions'!F$3 -> 66207.24
A13: 4. Area of landscapes under improved practices (ha; excl. protected areas) | B13: 12207723 | C13: =B13*Inputs!$C$3 -> 9766178.4 | E13: =$C13*'Milestone Proportions'!C$3 -> 1342849.5 | F13: =$C13*'Milestone Proportions'!D$3 -> 2685699.1 | G13: =$C13*'Milestone Proportions'!E$3 -> 4028548.6 | H13: =$C13*'Milestone Proportions'!F$3 -> 5371398.1
A14: 5. Area of marine habitat under improved practices (ha; excl. protected areas) | B14: 8184244 | C14: =B14*Inputs!$C$3 -> 6547395.2 | E14: =$C14*'Milestone Proportions'!C$3 -> 900266.84 | F14: =$C14*'Milestone Proportions'!D$3 -> 1800533.7 | G14: =$C14*'Milestone Proportions'!E$3 -> 2700800.5 | H14: =$C14*'Milestone Proportions'!F$3 -> 3601067.4
A15: 6. Number of direct beneficiaries disaggregated by gender as co-benefit of GEF investment | E15: =$C15*'Milestone Proportions'!C$3 -> 0 | F15: =$C15*'Milestone Proportions'!D$3 -> 0 | G15: =$C15*'Milestone Proportions'!E$3 -> 0 | H15: =$C15*'Milestone Proportions'!F$3 -> 0
A16: 6.a) Number of direct beneficiaries disaggregated by gender as co-benefit of GEF investment (women) | E16: =$C16*'Milestone Proportions'!C$3 -> 0 | F16: =$C16*'Milestone Proportions'!D$3 -> 0 | G16: =$C16*'Milestone Proportions'!E$3 -> 0 | H16: =$C16*'Milestone Proportions'!F$3 -> 0
A17: 7. Co-financing ratio of GBF Fund projects | E17: 7 | F17: 7 | G17: 7 | H17: 7
A18: 8. 36 percent + 3 percent of funding allocated to small island developing States (SIDS)/least developed countries (LDCs | E18: 0.39 | F18: 0.39 | G18: 0.39 | H18: 0.39
A19: 11. 25 percent to be programmed through international financing institutions (IFIs) | E19: 0.25 | F19: 0.25 | G19: 0.25 | H19: 0.25
A20: 12. Share of 20 percent by 2030 to support actions by Indigenous Peoples and Local Communities (IPLCs) | E20: 0.2 | F20: 0.2 | G20: 0.2 | H20: 0.2
A22: Note: This table calculates anticipated results of the GBF Fund Outcome and Output Indicators, based on the Business case. Column B presents the expected results from £100m spending is taken from p.29 of the BC. Column C applies an 80% success factor, due to the fact that these numbers are based on expected results from the GEF-7. Columns E-G estimate milestones for 2025-2027 based on proportions calculated in the "Milestone Proportion" tab.
A24: Sources: | B24: https://iatipublisher-prod.s3.amazonaws.com/document-link/414/GBF-Fund-Full-Business-Case-%28Redacted%29-202408210208371745544305.pdf
B25: EN_GEF.C.64.Inf_.04_Scorecard_June_2023.pdf

Sheet Aggregate AR Results
A1: Table 6: Aggregate AR Results For GBFF Projects
B2: Approval Period
B3: 24/25 | C3: 25/26 | D3: 26/27 | E3: 27/28
B4: Annual Review year
A5: GBFF Indicators | B5: 2025 | C5: 2026 | D5: 2027 | E5: 2028 | F5: Total
A6: 1. Terrestrial protected areas created or under improved management (ha) | B6: =SUMIFS(Table1[1. Terrestrial protected areas created or under improved management (Ha)],Table1[Annual Review],B$5) -> 11238703 | C6: =SUMIFS(Table1[1. Terrestrial protected areas created or under improved management (Ha)],Table1[Annual Review],C$5) -> 3645384.6 | D6: =SUMIFS(Table1[1. Terrestrial protected areas created or under improved management (Ha)],Table1[Annual Review],D$5) -> 0 | E6: =SUMIFS(Table1[1. Terrestrial protected areas created or under improved management (Ha)],Table1[Annual Review],E$5) -> 0 | F6: =SUM(B6:E6) -> 14884088
A7: 2. Marine protected areas created or under improved management (ha) | B7: =SUMIFS(Table1[2. Marine protected areas created or under improved management (Ha)],Table1[Annual Review],B$5) -> 22357180 | C7: =SUMIFS(Table1[2. Marine protected areas created or under improved management (Ha)],Table1[Annual Review],C$5) -> 8117490.4 | D7: =SUMIFS(Table1[2. Marine protected areas created or under improved management (Ha)],Table1[Annual Review],D$5) -> 0 | E7: =SUMIFS(Table1[2. Marine protected areas created or under improved management (Ha)],Table1[Annual Review],E$5) -> 0 | F7: =SUM(B7:E7) -> 30474670
A8: 3. Area of land and ecosystems under restoration (ha) | B8: =SUMIFS(Table1[3. Area of land and ecosystems under restoration],Table1[Annual Review],B$5) -> 15000 | C8: =SUMIFS(Table1[3. Area of land and ecosystems under restoration],Table1[Annual Review],C$5) -> 63973.04 | D8: =SUMIFS(Table1[3. Area of land and ecosystems under restoration],Table1[Annual Review],D$5) -> 0 | E8: =SUMIFS(Table1[3. Area of land and ecosystems under restoration],Table1[Annual Review],E$5) -> 0 | F8: =SUM(B8:E8) -> 78973.04
A9: 4. Area of landscapes under improved practices (ha) | B9: =SUMIFS(Table1[4. Area of landscape under improved pratice, excluding protected areas (Ha)],Table1[Annual Review],B$5) -> 10709914 | C9: =SUMIFS(Table1[4. Area of landscape under improved pratice, excluding protected areas (Ha)],Table1[Annual Review],C$5) -> 726319.17 | D9: =SUMIFS(Table1[4. Area of landscape under improved pratice, excluding protected areas (Ha)],Table1[Annual Review],D$5) -> 0 | E9: =SUMIFS(Table1[4. Area of landscape under improved pratice, excluding protected areas (Ha)],Table1[Annual Review],E$5) -> 0 | F9: =SUM(B9:E9) -> 11436233
A10: 5. Area of marine habitat under improved practices (ha) | B10: =SUMIFS(Table1[5. Area of marine habitat under improved practices (ha)],Table1[Annual Review],B$5) -> 0 | C10: =SUMIFS(Table1[5. Area of marine habitat under improved practices (ha)],Table1[Annual Review],C$5) -> 581610 | D10: =SUMIFS(Table1[5. Area of marine habitat under improved practices (ha)],Table1[Annual Review],D$5) -> 0 | E10: =SUMIFS(Table1[5. Area of marine habitat under improved practices (ha)],Table1[Annual Review],E$5) -> 0 | F10: =SUM(B10:E10) -> 581610
A11: 6. Greenhouse Gas emissions mitigated (tCO2e) | B11: =SUMIFS(Table1[6. Greenhouse Gas Emissions Mitigated (tCO2e)],Table1[Annual Review],B$5) -> 70267643 | C11: =SUMIFS(Table1[6. Greenhouse Gas Emissions Mitigated (tCO2e)],Table1[Annual Review],C$5) -> 48186159 | D11: =SUMIFS(Table1[6. Greenhouse Gas Emissions Mitigated (tCO2e)],Table1[Annual Review],D$5) -> 0 | E11: =SUMIFS(Table1[6. Greenhouse Gas Emissions Mitigated (tCO2e)],Table1[Annual Review],E$5) -> 0 | F11: =SUM(B11:E11) -> 1.184538e+08
A12: 7. People benefitting from the conservation, sustainable use or restoration of biodiversity | B12: =SUMIFS(Table1[11. People benefiting from GEF investment],Table1[Annual Review],B$5) -> 304253 | C12: =SUMIFS(Table1[11. People benefiting from GEF investment],Table1[Annual Review],C$5) -> 134396 | D12: =SUMIFS(Table1[11. People benefiting from GEF investment],Table1[Annual Review],D$5) -> 0 | E12: =SUMIFS(Table1[11. People benefiting from GEF investment],Table1[Annual Review],E$5) -> 0 | F12: =SUM(B12:E12) -> 438649
A13: 7.a)of whom women | B13: =SUMIFS(Table1[11.1 of whom women],Table1[Annual Review],B$5) -> 153306 | C13: =SUMIFS(Table1[11.1 of whom women],Table1[Annual Review],C$5) -> 67452 | D13: =SUMIFS(Table1[11.1 of whom women],Table1[Annual Review],D$5) -> 0 | E13: =SUMIFS(Table1[11.1 of whom women],Table1[Annual Review],E$5) -> 0 | F13: =SUM(B13:E13) -> 220758
A14: 8. Volume of Co-financing ($) | B14: =SUMIFS(Table1[Cofinancing],Table1[Annual Review],B$5) -> 1.7598285e+08 | C14: =SUMIFS(Table1[Cofinancing],Table1[Annual Review],C$5) -> 142926039 | D14: =SUMIFS(Table1[Cofinancing],Table1[Annual Review],D$5) -> 0 | E14: =SUMIFS(Table1[Cofinancing],Table1[Annual Review],E$5) -> 0 | F14: =SUM(B14:E14) -> 3.1890889e+08 | G14: =F14/F22 -> 2.3330515
A15: 8.a) Public cofinance | B15: =SUMIFS(Table1[Of which public],Table1[Annual Review],B$5) -> 1.5971585e+08 | C15: =SUMIFS(Table1[Of which public],Table1[Annual Review],C$5) -> 117859450 | D15: =SUMIFS(Table1[Of which public],Table1[Annual Review],D$5) -> 0 | E15: =SUMIFS(Table1[Of which public],Table1[Annual Review],E$5) -> 0 | F15: =SUM(B15:E15) -> 2.775753e+08 | G15: =F15/F22 -> 2.0306661
A16: 8.b) Private cofinance | B16: =SUMIFS(Table1[Of which private],Table1[Annual Review],B$5) -> 16267000 | C16: =SUMIFS(Table1[Of which private],Table1[Annual Review],C$5) -> 25066589 | D16: =SUMIFS(Table1[Of which private],Table1[Annual Review],D$5) -> 0 | E16: =SUMIFS(Table1[Of which private],Table1[Annual Review],E$5) -> 0 | F16: =SUM(B16:E16) -> 41333589 | G16: =F16/F22 -> 0.30238541
A17: 9. SIDS Funding ($) | B17: =SUMIFS(Table1[SIDS/LDC Finance],Table1[Annual Review],B$5) -> 7994243.3 | C17: =SUMIFS(Table1[SIDS/LDC Finance],Table1[Annual Review],C$5) -> 26942845 | D17: =SUMIFS(Table1[SIDS/LDC Finance],Table1[Annual Review],D$5) -> 0 | E17: =SUMIFS(Table1[SIDS/LDC Finance],Table1[Annual Review],E$5) -> 0 | F17: =SUM(B17:E17) -> 34937088
A18: 10. IFI Funding ($) | B18: =SUMIFS(Table1[Grant Cost (USD)],Table1[Annual Review],B$5,Table1[Is Executing Agency an International Financial Institution (IFI)],"Yes") -> 0 | C18: =SUMIFS(Table1[Grant Cost (USD)],Table1[Annual Review],C$5,Table1[Is Executing Agency an International Financial Institution (IFI)],"Yes") -> 17090403 | D18: =SUMIFS(Table1[Grant Cost (USD)],Table1[Annual Review],D$5,Table1[Is Executing Agency an International Financial Institution (IFI)],"Yes") -> 0 | E18: =SUMIFS(Table1[Grant Cost (USD)],Table1[Annual Review],E$5,Table1[Is Executing Agency an International Financial Institution (IFI)],"Yes") -> 0 | F18: =SUM(B18:E18) -> 17090403
A19: 11. IPLC Funding ($) | B19: =SUMIFS(Table1[IPLC Financing],Table1[Annual Review],B$5) -> 28817966 | C19: =SUMIFS(Table1[IPLC Financing],Table1[Annual Review],C$5) -> 15854753 | D19: =SUMIFS(Table1[IPLC Financing],Table1[Annual Review],D$5) -> 0 | E19: =SUMIFS(Table1[IPLC Financing],Table1[Annual Review],E$5) -> 0 | F19: =SUM(B19:E19) -> 44672719
A21: Summary statistics
A22: Total GEF spend | B22: =SUMIF(Table1[Annual Review],B5,Table1[Total GEF Cost]) -> 66168436 | C22: =SUMIF(Table1[Annual Review],C5,Table1[Total GEF Cost]) -> 70523309 | D22: =SUMIF(Table1[Annual Review],D5,Table1[Total GEF Cost]) -> 0 | E22: =SUMIF(Table1[Annual Review],E5,Table1[Total GEF Cost]) -> 0 | F22: =SUM(B22:E22) -> 136691745
A23: Number of projects | B23: =COUNTIF(Table1[Annual Review],'Aggregate AR Results'!B5) -> 7 | C23: =COUNTIF(Table1[Annual Review],'Aggregate AR Results'!C5) -> 19 | D23: =COUNTIF(Table1[Annual Review],'Aggregate AR Results'!D5) -> 0 | E23: =COUNTIF(Table1[Annual Review],'Aggregate AR Results'!E5) -> 0
A24: Number of countries supported | B24: 8 | C24: 18
A25: Average project grant | B25: =B22/B23 -> 9452633.7 | C25: =C22/C23 -> 3711753.1
A27: Note: This tab aggregates the results in the "Project Data" tab into annual figures for AR reporting. Projects are allocating into an AR year based on their approval dates, with the AR period running June-May

Sheet Aggregate ICF Results
A1: Table 7: Aggregate ICF Results For GBFF Projects
B2: Approval Period
B3: 24/25 | C3: 25/26 | D3: 26/27 | E3: 27/28
B4: ICF Reporting year
A5: ICF Indicators | B5: 2025 | C5: 2026 | D5: 2027 | E5: 2028 | F5: Total
A6: 1. Number of people supported to cope with the effects of climate change as a result of ICF investment | B6: =SUMIFS(Table1[11. People benefiting from GEF investment],Table1[Annual Review],B$5,Table1[Is defined as Principal or Signifcant for Climate Mitigation and/or Adaptation],"Yes") -> 278683 | C6: =SUMIFS(Table1[11. People benefiting from GEF investment],Table1[Annual Review],C$5,Table1[Is defined as Principal or Signifcant for Climate Mitigation and/or Adaptation],"Yes") -> 82859 | D6: =SUMIFS(Table1[11. People benefiting from GEF investment],Table1[Annual Review],D$5,Table1[Is defined as Principal or Signifcant for Climate Mitigation and/or Adaptation],"Yes") -> 0 | E6: =SUMIFS(Table1[11. People benefiting from GEF investment],Table1[Annual Review],E$5,Table1[Is defined as Principal or Signifcant for Climate Mitigation and/or Adaptation],"Yes") -> 0 | F6: =SUM(B6:E6) -> 361542
A7: 1.a) of whom women | B7: =SUMIFS(Table1[11.1 of whom women],Table1[Annual Review],B$5,Table1[Is defined as Principal or Signifcant for Climate Mitigation and/or Adaptation],"Yes") -> 141291 | C7: =SUMIFS(Table1[11.1 of whom women],Table1[Annual Review],C$5,Table1[Is defined as Principal or Signifcant for Climate Mitigation and/or Adaptation],"Yes") -> 41310 | D7: =SUMIFS(Table1[11.1 of whom women],Table1[Annual Review],D$5,Table1[Is defined as Principal or Signifcant for Climate Mitigation and/or Adaptation],"Yes") -> 0 | E7: =SUMIFS(Table1[11.1 of whom women],Table1[Annual Review],E$5,Table1[Is defined as Principal or Signifcant for Climate Mitigation and/or Adaptation],"Yes") -> 0 | F7: =SUM(B7:E7) -> 182601
A8: 2. Greenhouse gas emissions reduced or avoided as a result of ICF investment (tCO2e) | B8: =SUMIFS(Table1[6. Greenhouse Gas Emissions Mitigated (tCO2e)],Table1[Annual Review],B$5) -> 70267643 | C8: =SUMIFS(Table1[6. Greenhouse Gas Emissions Mitigated (tCO2e)],Table1[Annual Review],C$5) -> 48186159 | D8: =SUMIFS(Table1[6. Greenhouse Gas Emissions Mitigated (tCO2e)],Table1[Annual Review],D$5) -> 0 | E8: =SUMIFS(Table1[6. Greenhouse Gas Emissions Mitigated (tCO2e)],Table1[Annual Review],E$5) -> 0 | F8: =SUM(B8:E8) -> 1.184538e+08
A9: 3. Volume of public finance mobilised for climate change purposes as a result of ICF investment (£m) | B9: =SUMIFS(Table1[Of which public],Table1[Annual Review],B$5,Table1[Is defined as Principal or Signifcant for Climate Mitigation and/or Adaptation],"Yes") -> 129182532 | C9: =SUMIFS(Table1[Of which public],Table1[Annual Review],C$5,Table1[Is defined as Principal or Signifcant for Climate Mitigation and/or Adaptation],"Yes") -> 59825123 | D9: =SUMIFS(Table1[Of which public],Table1[Annual Review],D$5,Table1[Is defined as Principal or Signifcant for Climate Mitigation and/or Adaptation],"Yes") -> 0 | E9: =SUMIFS(Table1[Of which public],Table1[Annual Review],E$5,Table1[Is defined as Principal or Signifcant for Climate Mitigation and/or Adaptation],"Yes") -> 0 | F9: =SUM(B9:E9) -> 189007655
A10: 4. Volume of private finance mobilised for climate change purposes as a result of ICF investment (£m) | B10: =SUMIFS(Table1[Of which private],Table1[Annual Review],B$5,Table1[Is defined as Principal or Signifcant for Climate Mitigation and/or Adaptation],"Yes") -> 16267000 | C10: =SUMIFS(Table1[Of which private],Table1[Annual Review],C$5,Table1[Is defined as Principal or Signifcant for Climate Mitigation and/or Adaptation],"Yes") -> 20804105 | D10: =SUMIFS(Table1[Of which private],Table1[Annual Review],D$5,Table1[Is defined as Principal or Signifcant for Climate Mitigation and/or Adaptation],"Yes") -> 0 | E10: =SUMIFS(Table1[Of which private],Table1[Annual Review],E$5,Table1[Is defined as Principal or Signifcant for Climate Mitigation and/or Adaptation],"Yes") -> 0 | F10: =SUM(B10:E10) -> 37071105
A11: 5. Hectares of land that have received sustainable land management practices as a result of ICF investment (ha) | B11: =SUM(B12:B16) -> 44320797 | C11: =SUM(C12:C16) -> 13134777 | D11: =SUM(D12:D16) -> 0 | E11: =SUM(E12:E16) -> 0 | F11: =SUM(B11:E11) -> 57455574
A12: 5.1. Terrestrial protected areas created or under improved management (ha) | B12: =SUMIFS(Table1[1. Terrestrial protected areas created or under improved management (Ha)],Table1[Annual Review],B$5) -> 11238703 | C12: =SUMIFS(Table1[1. Terrestrial protected areas created or under improved management (Ha)],Table1[Annual Review],C$5) -> 3645384.6 | D12: =SUMIFS(Table1[1. Terrestrial protected areas created or under improved management (Ha)],Table1[Annual Review],D$5) -> 0 | E12: =SUMIFS(Table1[1. Terrestrial protected areas created or under improved management (Ha)],Table1[Annual Review],E$5) -> 0 | F12: =SUM(B12:E12) -> 14884088
A13: 5.2. Marine protected areas created or under improved management (ha) | B13: =SUMIFS(Table1[2. Marine protected areas created or under improved management (Ha)],Table1[Annual Review],B$5) -> 22357180 | C13: =SUMIFS(Table1[2. Marine protected areas created or under improved management (Ha)],Table1[Annual Review],C$5) -> 8117490.4 | D13: =SUMIFS(Table1[2. Marine protected areas created or under improved management (Ha)],Table1[Annual Review],D$5) -> 0 | E13: =SUMIFS(Table1[2. Marine protected areas created or under improved management (Ha)],Table1[Annual Review],E$5) -> 0 | F13: =SUM(B13:E13) -> 30474670
A14: 5.3. Area of land and ecosystems under restoration | B14: =SUMIFS(Table1[3. Area of land and ecosystems under restoration],Table1[Annual Review],B$5) -> 15000 | C14: =SUMIFS(Table1[3. Area of land and ecosystems under restoration],Table1[Annual Review],C$5) -> 63973.04 | D14: =SUMIFS(Table1[3. Area of land and ecosystems under restoration],Table1[Annual Review],D$5) -> 0 | E14: =SUMIFS(Table1[3. Area of land and ecosystems under restoration],Table1[Annual Review],E$5) -> 0 | F14: =SUM(B14:E14) -> 78973.04
A15: 5.4. Area of landscape under improved pratice, excluding protected areas (Ha) | B15: =SUMIFS(Table1[4. Area of landscape under improved pratice, excluding protected areas (Ha)],Table1[Annual Review],B$5) -> 10709914 | C15: =SUMIFS(Table1[4. Area of landscape under improved pratice, excluding protected areas (Ha)],Table1[Annual Review],C$5) -> 726319.17 | D15: =SUMIFS(Table1[4. Area of landscape under improved pratice, excluding protected areas (Ha)],Table1[Annual Review],D$5) -> 0 | E15: =SUMIFS(Table1[4. Area of landscape under improved pratice, excluding protected areas (Ha)],Table1[Annual Review],E$5) -> 0 | F15: =SUM(B15:E15) -> 11436233
A16: 5.5. Area of marine habitat under improved practices (ha) | B16: =SUMIFS(Table1[5. Area of marine habitat under improved practices (ha)],Table1[Annual Review],B$5) -> 0 | C16: =SUMIFS(Table1[5. Area of marine habitat under improved practices (ha)],Table1[Annual Review],C$5) -> 581610 | D16: =SUMIFS(Table1[5. Area of marine habitat under improved practices (ha)],Table1[Annual Review],D$5) -> 0 | E16: =SUMIFS(Table1[5. Area of marine habitat under improved practices (ha)],Table1[Annual Review],E$5) -> 0 | F16: =SUM(B16:E16) -> 581610
A18: Spending
A19: Total GEF spend | B19: =SUMIF(Table1[Annual Review],B5,Table1[Total GEF Cost]) -> 66168436 | C19: =SUMIF(Table1[Annual Review],C5,Table1[Total GEF Cost]) -> 70523309 | D19: =SUMIF(Table1[Annual Review],D5,Table1[Total GEF Cost]) -> 0 | E19: =SUMIF(Table1[Annual Review],E5,Table1[Total GEF Cost]) -> 0 | F19: =SUM(B19:E19) -> 136691745
A21: Note: This tab aggregates the results in the "Project Data" tab into annual figures for AR reporting. Each annual review period runs May-May, so projects are allocating into an AR year based on their approval dates. Contrasting with the previous tab, only projects that Principal or Signifcant Rio Markers for Climate Mitigation and/or Adaptation are counted for output indicators, with the exception of greenhouse gas emission mitigations and area of land under sustainable management practices - which are counted regardless of Rio markers.

Sheet AR25 Results
A1: Table 8: Results calculation for 2025 Annual Review
A2: Outcome Indicators | B2: Aggregate Result | C2: Success factor (80%) | D2: Double-counting adjustment (95%) | E2: Financing adjustment for non-alignment with ICF definitions (50%) | F2: USD-GBP Conversion | G2: UK Attribution (18.9%) | H2: FINAL AR25 RESULT
A3: 1. Number of people supported to cope with the effects of climate change as a result of ICF investment | B3: ='Aggregate ICF Results'!B6 -> 278683 | C3: =B3*Inputs!$C$3 -> 222946.4 | G3: =C3*'GBFF Pot'!$B$5 -> 42094.71 | H3: =G3 -> 42094.71
A4: 1.a) of whom women | B4: ='Aggregate ICF Results'!B7 -> 141291 | C4: =B4*Inputs!$C$3 -> 113032.8 | G4: =C4*'GBFF Pot'!$B$5 -> 21341.824 | H4: =G4 -> 21341.824
A5: 2. Greenhouse gas emissions reduced or avoided as a result of ICF investment (tCO2e) | B5: ='Aggregate ICF Results'!B8 -> 70267643 | C5: =B5*Inputs!$C$3 -> 56214115 | G5: =C5*'GBFF Pot'!$B$5 -> 10613837 | H5: =G5 -> 10613837
A6: 3. Volume of public finance mobilised for climate change purposes as a result of ICF investment ($m) | B6: ='Aggregate ICF Results'!B9 -> 129182532 | E6: =B6*Inputs!$C$5 -> 64591266 | F6: =E6*Inputs!$C$8 -> 50510370 | G6: =F6*'GBFF Pot'!$B$5 -> 9536908.2 | H6: =G6 -> 9536908.2
A7: 4. Volume of private finance mobilised for climate change purposes as a result of ICF investment ($m) | B7: ='Aggregate ICF Results'!B10 -> 16267000 | E7: =B7*Inputs!$C$5 -> 8133500 | F7: =E7*Inputs!$C$8 -> 6360397 | G7: =F7*'GBFF Pot'!$B$5 -> 1200912.3 | H7: =G7 -> 1200912.3
A8: 5. Hectares of land that have received sustainable land management practices as a result of ICF investment (ha) | B8: ='Aggregate ICF Results'!B11 -> 44320797 | C8: =B8*Inputs!$C$3 -> 35456637 | D8: =C8*Inputs!C$4 -> 33683805 | G8: =D8*'GBFF Pot'!$B$5 -> 6359869.5 | H8: =G8 -> 6359869.5
A9: 5.1. Terrestrial protected areas created or under improved management (ha) | B9: ='Aggregate ICF Results'!B12 -> 11238703 | C9: =B9*Inputs!$C$3 -> 8990962.5 | D9: =C9*Inputs!C$4 -> 8541414.3 | G9: =D9*'GBFF Pot'!$B$5 -> 1612712.1 | H9: =G9 -> 1612712.1
A10: 5.2. Marine protected areas created or under improved management (ha) | B10: ='Aggregate ICF Results'!B13 -> 22357180 | C10: =B10*Inputs!$C$3 -> 17885744 | D10: =C10*Inputs!C$4 -> 16991457 | G10: =D10*'GBFF Pot'!$B$5 -> 3208172.2 | H10: =G10 -> 3208172.2
A11: 5.3. Area of land and ecosystems under restoration | B11: ='Aggregate ICF Results'!B14 -> 15000 | C11: =B11*Inputs!$C$3 -> 12000 | D11: =C11*Inputs!C$4 -> 11400 | G11: =D11*'GBFF Pot'!$B$5 -> 2152.4442 | H11: =G11 -> 2152.4442
A12: 5.4. Area of landscape under improved pratice, excluding protected areas (Ha) | B12: ='Aggregate ICF Results'!B15 -> 10709914 | C12: =B12*Inputs!$C$3 -> 8567930.9 | D12: =C12*Inputs!C$4 -> 8139534.3 | G12: =D12*'GBFF Pot'!$B$5 -> 1536832.8 | H12: =G12 -> 1536832.8
A13: 5.5. Area of marine habitat under improved practices (ha) | B13: ='Aggregate ICF Results'!B16 -> 0 | C13: =B13*Inputs!$C$3 -> 0 | D13: =C13*Inputs!C$4 -> 0 | G13: =D13*'AR25 Results'!G8 -> 0 | H13: =G13 -> 0
A15: Output Indicators
A16: 1. Terrestrial protected areas created or under improved management (ha) | B16: ='Aggregate AR Results'!B6 -> 11238703 | C16: =B16*Inputs!$C$3 -> 8990962.5 | G16: =C16*'GBFF Pot'!$B$5 -> 1697591.7 | H16: =G16 -> 1697591.7
A17: 2. Marine protected areas created or under improved management (ha) | B17: ='Aggregate AR Results'!B7 -> 22357180 | C17: =B17*Inputs!$C$3 -> 17885744 | G17: =C17*'GBFF Pot'!$B$5 -> 3377023.3 | H17: =G17 -> 3377023.3
A18: 3. Area of land and ecosystems under restoration | B18: ='Aggregate AR Results'!B8 -> 15000 | C18: =B18*Inputs!$C$3 -> 12000 | G18: =C18*'GBFF Pot'!$B$5 -> 2265.7308 | H18: =G18 -> 2265.7308
A19: 4. Area of landscape under improved pratice, excluding protected areas (Ha) | B19: ='Aggregate AR Results'!B9 -> 10709914 | C19: =B19*Inputs!$C$3 -> 8567930.9 | G19: =C19*'GBFF Pot'!$B$5 -> 1617718.7 | H19: =G19 -> 1617718.7
A20: 5. Area of marine habitat under improved practices (ha) | B20: ='Aggregate AR Results'!B10 -> 0 | C20: =B20*Inputs!$C$3 -> 0 | G20: =C20*'GBFF Pot'!$B$5 -> 0 | H20: =G20 -> 0
A21: 6. People benefitting from the conservation, sustainable use or restoration of biodiversity | B21: ='Aggregate AR Results'!B12 -> 304253 | C21: =B21*Inputs!$C$3 -> 243402.4 | G21: =C21*'GBFF Pot'!$B$5 -> 45957.025 | H21: =G21 -> 45957.025
A22: 6.a)of whom women | B22: ='Aggregate AR Results'!B13 -> 153306 | C22: =B22*Inputs!$C$3 -> 122644.8 | G22: =C22*'GBFF Pot'!$B$5 -> 23156.675 | H22: =G22 -> 23156.675
A23: 7. Volume of Co-financing ($) | B23: ='Aggregate AR Results'!B14 -> 1.7598285e+08 | F23: =B23*Inputs!$C$8 -> 1.3761859e+08 | G23: =F23*'GBFF Pot'!$B$5 -> 25983889 | H23: =G23 -> 25983889
A24: 7.a) Public cofinance | B24: ='Aggregate AR Results'!B15 -> 1.5971585e+08 | F24: =B24*Inputs!$C$8 -> 1.2489779e+08 | G24: =F24*'GBFF Pot'!$B$5 -> 23582064 | H24: =G24 -> 23582064
A25: 7.b) Private cofinance | B25: ='Aggregate AR Results'!B16 -> 16267000 | F25: =B25*Inputs!$C$8 -> 12720794 | G25: =F25*'GBFF Pot'!$B$5 -> 2401824.5 | H25: =G25 -> 2401824.5
A26: 7.c) All co-finance, leveraging ratio | B26: =B23/B34 -> 2.6596193 | H26: =B26 -> 2.6596193
A27: 8. SIDS Funding ($) | B27: ='Aggregate AR Results'!B17 -> 7994243.3 | F27: =B27*Inputs!$C$8 -> 6251498.3 | G27: =F27*'GBFF Pot'!$B$5 -> 1180351 | H27: =G27 -> 1180351
A28: 8.a) SIDS Funding, % of total | B28: =B27/B34 -> 0.12081657 | H28: =B28 -> 0.12081657
A29: 9. IFI Funding ($) | B29: ='Aggregate AR Results'!B18 -> 0 | F29: =B29*Inputs!$C$8 -> 0 | G29: =F29*'GBFF Pot'!$B$5 -> 0 | H29: =G29 -> 0
A30: 9.a) IFI Funding, % of total | B30: =B29/B34 -> 0 | H30: =B30 -> 0
A31: 10. IPLC Funding ($) | B31: ='Aggregate AR Results'!B19 -> 28817966 | F31: =B31*Inputs!$C$8 -> 22535649 | G31: =F31*'GBFF Pot'!$B$5 -> 4254976.2 | H31: =G31 -> 4254976.2
A32: 10.a) IPLC Funding, % of total | B32: =B31/B34 -> 0.43552436 | H32: =B32 -> 0.43552436
A34: Total GEF spend | B34: ='Aggregate ICF Results'!B19 -> 66168436 | H34: =B34 -> 66168436
A36: Methodology: Outcome and output indicator figures for 2025 are taken from the "aggregate results" tabs. For the majority of indicators, an 80% success factor is applied to aggregate results based on historic GEF project performance relative to anticipated results. A 5% reduction is made to ICF area-based indicators to account for the minimal incidence of double-counting. For finance indicators, the success factor is not applied because these outcomes are likely to be contract-based and can be assumed to deliver the projected levels. An additional 50% adjustment is made to account for the fact that not all co-finance results will fit the ICF definition. Prices are then converted from USD to GBP. The UK is then attributed 18.9% of these results due to the fact that the UK contributed $73m of the $386m total GBFF pot over the entire programme. Note: Outcome indicator figures differ from aggregate figures (and output indicators) due to ICF eligibility. Only projects with Principal or Signifcant Rio Markers for Climate Mitigation and/or Adaptation are counted for output indicators, with the exception of greenhouse gas emission mitigations and area of land under improved practices - which are counted regardless of Rio markers.

Sheet AR26 Results
A1: Table 9: Results calculation for 2026 Annual Review
A2: Outcome Indicators | B2: Aggregate Result | C2: Success factor (80%) | D2: Double-counting adjustment (95%) | E2: Financing adjustment for non-alignment with ICF definitions (50%) | F2: USD-GBP Conversion | G2: UK Attribution (18.9%) | H2: FINAL AR26 RESULT
A3: 1. Number of people supported to cope with the effects of climate change as a result of ICF investment | B3: ='Aggregate ICF Results'!C6 -> 82859 | C3: =B3*Inputs!$C$3 -> 66287.2 | G3: =C3*'GBFF Pot'!$B$5 -> 12515.746 | H3: =G3 -> 12515.746
A4: 1.a) of whom women | B4: ='Aggregate ICF Results'!C7 -> 41310 | C4: =B4*Inputs!$C$3 -> 33048 | G4: =C4*'GBFF Pot'!$B$5 -> 6239.8225 | H4: =G4 -> 6239.8225
A5: 2. Greenhouse gas emissions reduced or avoided as a result of ICF investment (tCO2e) | B5: ='Aggregate ICF Results'!C8 -> 48186159 | C5: =B5*Inputs!$C$3 -> 38548928 | G5: =C5*'GBFF Pot'!$B$5 -> 7278457.6 | H5: =G5 -> 7278457.6
A6: 3. Volume of public finance mobilised for climate change purposes as a result of ICF investment (£m) | B6: ='Aggregate ICF Results'!C9 -> 59825123 | E6: =B6*Inputs!$C$5 -> 29912562 | F6: =E6*Inputs!$C$9 -> 22254946 | G6: =F6*'GBFF Pot'!$B$5 -> 4201976.3 | H6: =G6 -> 4201976.3
A7: 4. Volume of private finance mobilised for climate change purposes as a result of ICF investment (£m) | B7: ='Aggregate ICF Results'!C10 -> 20804105 | E7: =B7*Inputs!$C$5 -> 10402052 | F7: =E7*Inputs!$C$9 -> 7739127.1 | G7: =F7*'GBFF Pot'!$B$5 -> 1461231.5 | H7: =G7 -> 1461231.5
A8: 5. Hectares of land that have received sustainable land management practices as a result of ICF investment (ha) | B8: ='Aggregate ICF Results'!C11 -> 13134777 | C8: =B8*Inputs!$C$3 -> 10507822 | D8: =C8*Inputs!C$4 -> 9982430.6 | G8: =D8*'GBFF Pot'!$B$5 -> 1884791.7 | H8: =G8 -> 1884791.7
A9: 5.1. Terrestrial protected areas created or under improved management (ha) | B9: ='Aggregate ICF Results'!C12 -> 3645384.6 | C9: =B9*Inputs!$C$3 -> 2916307.6 | D9: =C9*Inputs!C$4 -> 2770492.3 | G9: =D9*'GBFF Pot'!$B$5 -> 523099.13 | H9: =G9 -> 523099.13
A10: 5.2. Marine protected areas created or under improved management (ha) | B10: ='Aggregate ICF Results'!C13 -> 8117490.4 | C10: =B10*Inputs!$C$3 -> 6493992.3 | D10: =C10*Inputs!C$4 -> 6169292.7 | G10: =D10*'GBFF Pot'!$B$5 -> 1164829.7 | H10: =G10 -> 1164829.7
A11: 5.3. Area of land and ecosystems under restoration | B11: ='Aggregate ICF Results'!C14 -> 63973.04 | C11: =B11*Inputs!$C$3 -> 51178.432 | D11: =C11*Inputs!C$4 -> 48619.51 | G11: =D11*'GBFF Pot'!$B$5 -> 9179.8933 | H11: =G11 -> 9179.8933
A12: 5.4. Area of landscape under improved pratice, excluding protected areas (Ha) | B12: ='Aggregate ICF Results'!C15 -> 726319.17 | C12: =B12*Inputs!$C$3 -> 581055.34 | D12: =C12*Inputs!C$4 -> 552002.57 | G12: =D12*'GBFF Pot'!$B$5 -> 104224.1 | H12: =G12 -> 104224.1
A13: 5.5. Area of marine habitat under improved practices (ha) | B13: ='Aggregate ICF Results'!C16 -> 581610 | C13: =B13*Inputs!$C$3 -> 465288 | D13: =C13*Inputs!C$4 -> 442023.6 | G13: =D13*'GBFF Pot'!$B$5 -> 83458.872 | H13: =G13 -> 83458.872
A15: Output Indicators
A16: 1. Terrestrial protected areas created or under improved management (ha) | B16: ='Aggregate AR Results'!C6 -> 3645384.6 | C16: =B16*Inputs!$C$3 -> 2916307.6 | G16: =C16*'GBFF Pot'!$B$5 -> 550630.66 | H16: =G16 -> 550630.66
A17: 2. Marine protected areas created or under improved management (ha) | B17: ='Aggregate AR Results'!C7 -> 8117490.4 | C17: =B17*Inputs!$C$3 -> 6493992.3 | G17: =C17*'GBFF Pot'!$B$5 -> 1226136.5 | H17: =G17 -> 1226136.5
A18: 3. Area of land and ecosystems under restoration | B18: ='Aggregate AR Results'!C8 -> 63973.04 | C18: =B18*Inputs!$C$3 -> 51178.432 | G18: =C18*'GBFF Pot'!$B$5 -> 9663.0456 | H18: =G18 -> 9663.0456
A19: 4. Area of landscape under improved pratice, excluding protected areas (Ha) | B19: ='Aggregate AR Results'!C9 -> 726319.17 | C19: =B19*Inputs!$C$3 -> 581055.34 | G19: =C19*'GBFF Pot'!$B$5 -> 109709.58 | H19: =G19 -> 109709.58
A20: 5. Area of marine habitat under improved practices (ha) | B20: ='Aggregate AR Results'!C10 -> 581610 | C20: =B20*Inputs!$C$3 -> 465288 | G20: =C20*'GBFF Pot'!$B$5 -> 87851.444 | H20: =G20 -> 87851.444
A21: 6. People benefitting from the conservation, sustainable use or restoration of biodiversity | B21: ='Aggregate AR Results'!C12 -> 134396 | C21: =B21*Inputs!$C$3 -> 107516.8 | G21: =C21*'GBFF Pot'!$B$5 -> 20300.343 | H21: =G21 -> 20300.343
A22: 6.a)of whom women | B22: ='Aggregate AR Results'!C13 -> 67452 | C22: =B22*Inputs!$C$3 -> 53961.6 | G22: =C22*'GBFF Pot'!$B$5 -> 10188.538 | H22: =G22 -> 10188.538
A23: 7. Volume of Co-financing ($) | B23: ='Aggregate AR Results'!C14 -> 142926039 | F23: =B23*Inputs!$C$9 -> 1.0633697e+08 | G23: =F23*'GBFF Pot'!$B$5 -> 20077579 | H23: =G23 -> 20077579
A24: 7.a) Public cofinance | B24: ='Aggregate AR Results'!C15 -> 117859450 | F24: =B24*Inputs!$C$9 -> 87687431 | G24: =F24*'GBFF Pot'!$B$5 -> 16556342 | H24: =G24 -> 16556342
A25: 7.b) Private cofinance | B25: ='Aggregate AR Results'!C16 -> 25066589 | F25: =B25*Inputs!$C$9 -> 18649542 | G25: =F25*'GBFF Pot'!$B$5 -> 3521236.8 | H25: =G25 -> 3521236.8
A26: 7.c) All co-finance, leveraging ratio | B26: =B23/B34 -> 2.0266496 | H26: =B26 -> 2.0266496
A27: 8. SIDS Funding ($) | B27: ='Aggregate AR Results'!C17 -> 26942845 | F27: =B27*Inputs!$C$9 -> 20045477 | G27: =F27*'GBFF Pot'!$B$5 -> 3784804.4 | H27: =G27 -> 3784804.4
A28: 8.a) SIDS Funding, % of total | B28: =B27/B34 -> 0.3820417 | H28: =B28 -> 0.3820417
A29: 9. IFI Funding ($) | B29: ='Aggregate AR Results'!C18 -> 17090403 | F29: =B29*Inputs!$C$9 -> 12715260 | G29: =F29*'GBFF Pot'!$B$5 -> 2400779.6 | H29: =G29 -> 2400779.6
A30: 9.a) IFI Funding, % of total | B30: =B29/B34 -> 0.24233694 | H30: =B30 -> 0.24233694
A31: 10. IPLC Funding ($) | B31: ='Aggregate AR Results'!C19 -> 15854753 | F31: =B31*Inputs!$C$9 -> 11795937 | G31: =F31*'GBFF Pot'!$B$5 -> 2227201.4 | H31: =G31 -> 2227201.4
A32: 10.a) IPLC Funding, % of total | B32: =B31/B34 -> 0.22481579 | H32: =B32 -> 0.22481579
A34: Total GEF spend | B34: ='Aggregate ICF Results'!C19 -> 70523309 | H34: =B34 -> 70523309
A36: Methodology: Outcome and output indicator figures for 2026 are taken from the "aggregate results" tabs. For the majority of indicators, an 80% success factor is applied to aggregate results based on historic GEF project performance relative to anticipated results. A 5% reduction is made to area-based indicators to account for the minimal incidence of double-counting. For finance indicators, the success factor is not applied because these outcomes are likely to be contract-based and can be assumed to deliver the projected levels. An additional 50% adjustment is made to account for the fact that not all co-finance results will fit the ICF definition. Prices are then converted from USD to GBP. The UK is then attributed 18.9% of these results due to the fact that the UK contributed $73m of the $386m total GBFF pot over the entire programme. Note: Outcome indicator figures differ from aggregate figures (and output indicators) because these figures represent ICF eligibility. Only projects with Principal or Signifcant Rio Markers for Climate Mitigation and/or Adaptation are counted for output indicators, with the exception of greenhouse gas emission mitigations and area of land under improved management practices - which are counted regardless of Rio markers.

Sheet AR27 Results
A1: Table 10: Results calculation for 2027 Annual Review
A2: Outcome Indicators | B2: Aggregate Result | C2: Success factor (80%) | D2: Double-counting adjustment (95%) | E2: Financing adjustment for non-alignment with ICF definitions (50%) | F2: USD-GBP Conversion | G2: UK Attribution (18.9%) | H2: FINAL AR27 RESULT
A3: 1. Number of people supported to cope with the effects of climate change as a result of ICF investment | B3: ='Aggregate ICF Results'!D6 -> 0 | C3: =B3*Inputs!$C$3 -> 0 | G3: =C3*'GBFF Pot'!$B$5 -> 0 | H3: =G3 -> 0
A4: 1.a) of whom women | B4: ='Aggregate ICF Results'!D7 -> 0 | C4: =B4*Inputs!$C$3 -> 0 | G4: =C4*'GBFF Pot'!$B$5 -> 0 | H4: =G4 -> 0
A5: 2. Greenhouse gas emissions reduced or avoided as a result of ICF investment (tCO2e) | B5: ='Aggregate ICF Results'!D8 -> 0 | C5: =B5*Inputs!$C$3 -> 0 | G5: =C5*'GBFF Pot'!$B$5 -> 0 | H5: =G5 -> 0
A6: 3. Volume of public finance mobilised for climate change purposes as a result of ICF investment ($m) | B6: ='Aggregate ICF Results'!D9 -> 0 | E6: =B6*Inputs!$C$5 -> 0 | F6: =E6*Inputs!$C$10 -> 0 | G6: =F6*'GBFF Pot'!$B$5 -> 0 | H6: =G6 -> 0
A7: 4. Volume of private finance mobilised for climate change purposes as a result of ICF investment ($m) | B7: ='Aggregate ICF Results'!D10 -> 0 | E7: =B7*Inputs!$C$5 -> 0 | F7: =E7*Inputs!$C$10 -> 0 | G7: =F7*'GBFF Pot'!$B$5 -> 0 | H7: =G7 -> 0
A8: 5. Hectares of land that have received sustainable land management practices as a result of ICF investment (ha) | B8: ='Aggregate ICF Results'!D11 -> 0 | C8: =B8*Inputs!$C$3 -> 0 | D8: =C8*Inputs!C$4 -> 0 | G8: =C8*'GBFF Pot'!$B$5 -> 0 | H8: =G8 -> 0
A9: 5.1. Terrestrial protected areas created or under improved management (ha) | B9: ='Aggregate ICF Results'!D12 -> 0 | C9: =B9*Inputs!$C$3 -> 0 | D9: =C9*Inputs!C$4 -> 0 | G9: =C9*'GBFF Pot'!$B$5 -> 0 | H9: =G9 -> 0
A10: 5.2. Marine protected areas created or under improved management (ha) | B10: ='Aggregate ICF Results'!D13 -> 0 | C10: =B10*Inputs!$C$3 -> 0 | D10: =C10*Inputs!C$4 -> 0 | G10: =C10*'GBFF Pot'!$B$5 -> 0 | H10: =G10 -> 0
A11: 5.3. Area of land and ecosystems under restoration | B11: ='Aggregate ICF Results'!D14 -> 0 | C11: =B11*Inputs!$C$3 -> 0 | D11: =C11*Inputs!C$4 -> 0 | G11: =C11*'GBFF Pot'!$B$5 -> 0 | H11: =G11 -> 0
A12: 5.4. Area of landscape under improved pratice, excluding protected areas (Ha) | B12: ='Aggregate ICF Results'!D15 -> 0 | C12: =B12*Inputs!$C$3 -> 0 | D12: =C12*Inputs!C$4 -> 0 | G12: =C12*'GBFF Pot'!$B$5 -> 0 | H12: =G12 -> 0
A13: 5.5. Area of marine habitat under improved practices (ha) | B13: ='Aggregate ICF Results'!D16 -> 0 | C13: =B13*Inputs!$C$3 -> 0 | D13: =C13*Inputs!C$4 -> 0 | G13: =C13*'GBFF Pot'!$B$5 -> 0 | H13: =G13 -> 0
A15: Output Indicators
A16: 1. Terrestrial protected areas created or under improved management (ha) | B16: ='Aggregate AR Results'!D6 -> 0 | C16: =B16*Inputs!$C$3 -> 0 | D16: =C16*Inputs!C$4 -> 0 | G16: =C16*'GBFF Pot'!$B$5 -> 0 | H16: =G16 -> 0
A17: 2. Marine protected areas created or under improved management (ha) | B17: ='Aggregate AR Results'!D7 -> 0 | C17: =B17*Inputs!$C$3 -> 0 | D17: =C17*Inputs!C$4 -> 0 | G17: =C17*'GBFF Pot'!$B$5 -> 0 | H17: =G17 -> 0
A18: 3. Area of land and ecosystems under restoration | B18: ='Aggregate AR Results'!D8 -> 0 | C18: =B18*Inputs!$C$3 -> 0 | D18: =C18*Inputs!C$4 -> 0 | G18: =C18*'GBFF Pot'!$B$5 -> 0 | H18: =G18 -> 0
A19: 4. Area of landscape under improved pratice, excluding protected areas (Ha) | B19: ='Aggregate AR Results'!D9 -> 0 | C19: =B19*Inputs!$C$3 -> 0 | D19: =C19*Inputs!C$4 -> 0 | G19: =C19*'GBFF Pot'!$B$5 -> 0 | H19: =G19 -> 0
A20: 5. Area of marine habitat under improved practices (ha) | B20: ='Aggregate AR Results'!D10 -> 0 | C20: =B20*Inputs!$C$3 -> 0 | D20: =C20*Inputs!C$4 -> 0 | G20: =C20*'GBFF Pot'!$B$5 -> 0 | H20: =G20 -> 0
A21: 6. People benefitting from the conservation, sustainable use or restoration of biodiversity | B21: ='Aggregate AR Results'!D12 -> 0 | C21: =B21*Inputs!$C$3 -> 0 | G21: =C21*'GBFF Pot'!$B$5 -> 0 | H21: =G21 -> 0
A22: 6.a)of whom women | B22: ='Aggregate AR Results'!D13 -> 0 | C22: =B22*Inputs!$C$3 -> 0 | G22: =C22*'GBFF Pot'!$B$5 -> 0 | H22: =G22 -> 0
A23: 7. Volume of Co-financing ($) | B23: ='Aggregate AR Results'!D14 -> 0 | F23: =B23*Inputs!$C$10 -> 0 | G23: =F23*'GBFF Pot'!$B$5 -> 0 | H23: =G23 -> 0
A24: 7.a) Public cofinance | B24: ='Aggregate AR Results'!D15 -> 0 | F24: =B24*Inputs!$C$10 -> 0 | G24: =F24*'GBFF Pot'!$B$5 -> 0 | H24: =G24 -> 0
A25: 7.b) Private cofinance | B25: ='Aggregate AR Results'!D16 -> 0 | F25: =B25*Inputs!$C$10 -> 0 | G25: =F25*'GBFF Pot'!$B$5 -> 0 | H25: =G25 -> 0
A26: 7.c) All co-finance, leveraging ratio | B26: =B23/B34 -> #DIV/0! | H26: =B26 -> #DIV/0!
A27: 8. SIDS Funding ($) | B27: ='Aggregate AR Results'!D17 -> 0 | F27: =B27*Inputs!$C$10 -> 0 | G27: =F27*'GBFF Pot'!$B$5 -> 0 | H27: =G27 -> 0
A28: 8.a) SIDS Funding, % of total | B28: =B27/B34 -> #DIV/0! | H28: =B28 -> #DIV/0!
A29: 9. IFI Funding ($) | B29: ='Aggregate AR Results'!D18 -> 0 | F29: =B29*Inputs!$C$10 -> 0 | G29: =F29*'GBFF Pot'!$B$5 -> 0 | H29: =G29 -> 0
A30: 9.a) IFI Funding, % of total | B30: =B29/B34 -> #DIV/0! | H30: =B30 -> #DIV/0!
A31: 10. IPLC Funding ($) | B31: ='Aggregate AR Results'!D19 -> 0 | F31: =B31*Inputs!$C$10 -> 0 | G31: =F31*'GBFF Pot'!$B$5 -> 0 | H31: =G31 -> 0
A32: 10.a) IPLC Funding, % of total | B32: =B31/B34 -> #DIV/0! | H32: =B32 -> #DIV/0!
A34: Total GEF spend | B34: ='Aggregate ICF Results'!D19 -> 0
A36: Methodology: Outcome and output indicator figures for 2027 are taken from the "aggregate results" tabs. For the majority of indicators, an 80% success factor is applied to aggregate results based on historic GEF project performance relative to anticipated results. A 5% reduction is made to area-based indicators to account for the minimal incidence of double-counting. For finance indicators, the success factor is not applied because these outcomes are likely to be contract-based and can be assumed to deliver the projected levels. An additional 50% adjustment is made to account for the fact that not all co-finance results will fit the ICF definition. Prices are then converted from USD to GBP. The UK is then attributed 18.3% of these results due to the fact that the UK contributed $70.8m of the $386m total GBFF pot over the entire programme. Note: Outcome indicator figures differ from aggregate figures (and output indicators) because these figures represent ICF eligibility. Only projects with Principal or Signifcant Rio Markers for Climate Mitigation and/or Adaptation are counted for output indicators, with the exception of greenhouse gas emission mitigations which are counted regardless of Rio markers.

Sheet Log Frame
A1: PROJECT NAME | B1: Global Biodiveristy Framework Fund - UK Contribution
A2: IMPACT | B2: Impact Indicator 1 | D2: Baseline (June 2024) | E2: Milestone 1 (June 2025) | F2: Milestone 2 (June 2026) | G2: Milestone 3 (June 2027) | H2: Milestone 4 (June 2028) | I2: Target (June 2028) | J2: Assumptions/notes
A3: International Community on track to deliver goals and targets of the Global Biodiversity Framework, delivering global environmental benefits and strengthened domestic capacity to generate sustainable environmental improvements | B3: International delivery of Global Biodiversity Framework | C3: Planned | D3: 10% National Biodiversity Strategies and Action Plans published (19) | E3: 50% National Biodiversity Strategies and Action Plans published (98) | F3: 100% National Biodiversity Strategies and Action Plans published (196) Interim Targets achieved: 18 - identification of harmful subsidies | G3: National Reporting on GBF delivery demonstrates progress towards achieving the goals and targets Interim Targets achieved: 19(a) - International public nature finance flows | H3: National Reporting on GBF delivery demonstrates progress towards achieving the goals and targets Interim Targets continue to show progress: 19(a) - International public nature finance flows | I3: NA | J3: Assumptions made in supporting the achievement of the Impact Statement - Countries will prioritise publishing an NBSAP in order to align GBF Fund projects to national strategies. - Countries will deliver on the plans and commitments in their NBSAPs - The success rate of GBF Fund projects is high to make tangible, long term improvements to the environment
C4: Achieved | D4: Baseline data | E4: 27% (52 NBSAPs) | F4: 53% (104 NBSAPs) | G4: 60% (116 NBSAPs) | H4: 70% (136 NBSAPs)
D5: Source
D6: UN CBD National Reporting website
A7: OUTCOME | B7: Outcome Indicator 1 (ICF KPI 1) | D7: Baseline (June 2024) | E7: Milestone 1 (June 2025) | F7: Milestone 2 (June 2026) | G7: Milestone 3 (June 2027) | H7: Milestone 3 (June 2027) | I7: Target (June 2028) | J7: Assumptions/notes
A8: To fund activities through UK investment that supports delivery of the GBF, leading to improvements in local and regional biodiversity and additional public and private investment in nature | B8: Number of people supported to cope with the effects of climate change as a result of ICF investment | C8: Planned | D8: In absence of programme-level anticipated beneficiary data, no GBF Fund target is proposed, but the indicator will be monitored across the GBF Fund programme | I8: NA | J8: MILESTONES & TARGETS Milestones are set proportionally to the anticipated results from a £100m investment calculated in the Business Case. Based on a total £55m spend, final planned results are estimated as 55% of those estimated in the Business Case. Milestones are assumed to be delivered linearly over a four year period, 2025-2028. Note that meeting milestones will depend on the rate at which projects are approved in work programmes. Not all available funding will be allocated to approved projects in the year it is first made available. Narrative reporting will be provided where needed. No GBF Fund targets are proposed where there is an absence of past, portfolio-level monitoring of beneficiary data from GEF projects, but the indicator will be monitored across the GBF Fund portfolio. Where used, targets are adjusted for project success rating (80%). No quantiative milestones are given for outcome indicators 1, 3 and 4, but are tracked as part of our ICF reporting so have been included. Co-finance for climate finance is consistent with the OECD-DAC Rio Marker methodology (and will allow calculation of the UK ICF KPIs on volumes of climate finance mobilised). A conservative 50% adjustment factor has been incldued to account for different defintions of co-finance between GEF and ICF. Tracking of acheivements assumes a zero baseline at the start of the GBF Fund (June 2024). UK attribution of 18.9% based on £55m ($73m) contribution to a total pot of $386m as per June 2026 Financial Report. https://www.thegef.org/sites/default/files/documents/2026-05/EN.GEF_.GBFF_.06_Inf.03%20GBFF%20Financial%20Report.pdf. All KPIs achieved are programme level expected achieved results aggregated from individual project result frameworks, except for finance indictaors (KPI 11&12) which are considered actuals Outcome Indicator 5 is a composite of Output Indicators 1-5, with an adjustment factor of 95% applied to account for any (negligble) double-counting (as agreed with GEF Secretariat). Assumptions made in acheiving the Outcomes: - Other finance sources for nature are forthcoming; - Projects will have effective monitoring programmes in place to track results against proposed results indicators.
C9: Achieved | E9: ='AR25 Results'!H3 -> 42094.71 | F9: =E9+'AR26 Results'!H3 -> 54610.455
D10: Source
D11: GEF Secretariat data on GBF Fund projects
B12: Outcome Indicator 2 (ICF KPI 6) | D12: Baseline (June 2024) | E12: Milestone 1 (June 2025) | F12: Milestone 2 (June 2026) | G12: Milestone 3 (June 2027) | H12: Milestone 3 (June 2027) | I12: Target (June 2028)
B13: Greenhouse gas emissions reduced or avoided (m tCO2e) as a result of ICF investment | C13: Planned | D13: 0 | E13: =Milestones!E4/1000000 -> 6.1881376 | F13: =Milestones!F4/1000000 -> 12.376275 | G13: =Milestones!G4/1000000 -> 18.564413 | H13: =Milestones!H4/1000000 -> 24.75255
C14: Achieved | E14: ='AR25 Results'!H5/1000000 -> 10.613837 | F14: =E14+'AR26 Results'!H5/1000000 -> 17.892295
D15: Source
D16: GBF Fund Progress Report
B17: Outcome Indicator 3 (ICF KPI 11) | D17: Baseline (June 2024) | E17: Milestone 1 (June 2025) | F17: Milestone 2 (June 2026) | G17: Milestone 3 (June 2027) | H17: Milestone 3 (June 2027) | I17: Target (June 2028)
B18: Volume of public finance mobilised for climate change purposes as a result of ICF investment (£m) | C18: Planned | D18: Although the GBF Fund aims to leverage co-financing at a rate of 7:1, no disaggregation of public/private finance is proposed, but the indicator is tracked across the GBF Fund programme | I18: NA
C19: Achieved | E19: ='AR25 Results'!H6/1000000 -> 9.5369082 | F19: =E19+('AR26 Results'!H6/1000000) -> 13.738884
D20: Source
D21: GBF Fund Progress Report + GEF Secretariat disaggregation
B22: Outcome Indicator 4 (ICF KPI 12) | D22: Baseline (June 2024) | E22: Milestone 1 (June 2025) | F22: Milestone 2 (June 2026) | G22: Milestone 3 (June 2027) | H22: Milestone 3 (June 2027) | I22: Target (June 2028)
B23: Volume of private finance mobilised for climate change purposes as a result of ICF investment (£m) | C23: Planned | D23: Although the GBF Fund aims to leverage co-financing at a rate of 7:1, no disaggregation of public/private finance is proposed, but the indicator is tracked across the GBF Fund programme | I23: NA
C24: Achieved | E24: ='AR25 Results'!H7/1000000 -> 1.2009123 | F24: =E24+('AR26 Results'!H7/1000000) -> 2.6621438
D25: Source
D26: GBF Fund Progress Report + GEF Secretariat disaggregation
B27: Outcome Indicator 5 (ICF KPI 17) | D27: Baseline (June 2024) | E27: Milestone 1 (June 2025) | F27: Milestone 2 (June 2026) | G27: Milestone 3 (June 2027) | H27: Milestone 3 (June 2027) | I27: Target (June 2028)
B28: Hectares of land (m) that have received sustainable land management practices as a result of ICF investment | C28: Planned | D28: 0 | E28: =Milestones!E7/1000000 -> 3.461775 | F28: =Milestones!F7/1000000 -> 6.92355 | G28: =Milestones!G7/1000000 -> 10.385325 | H28: =Milestones!H7/1000000 -> 13.8471
C29: Achieved | E29: ='AR25 Results'!H8/1000000 -> 6.3598695 | F29: =E29+('AR26 Results'!H8/1000000) -> 8.2446611
D30: Source
D31: GBF Fund Progress Report
A32: INPUTS (£) | B32: Defra (£) | D32: Govt (£)
B33: 55m | D33: 55m
A34: INPUTS (HR) | B34: Defra (FTEs)
B35: 0.7
A37: OUTPUT 1 | B37: Output Indicator 1.1 | D37: Baseline (June 2024) | E37: Milestone 1 (June 2025) | F37: Milestone 2 (June 2026) | G37: Milestone 3 (June 2027) | H37: Milestone 3 (June 2027) | I37: Target (June 2028) | J37: Assumptions/notes
B38: Terrestrial protected areas created or under improved management (million hectares) | C38: Planned | D38: 0 | E38: =Milestones!E10/1000000 -> 1.0109347 | F38: =Milestones!F10/1000000 -> 2.0218693 | G38: =Milestones!G10/1000000 -> 3.032804 | H38: =Milestones!H10/1000000 -> 4.0437386 | J38: MILESTONES & TARGETS Milestones are set proportionally to the anticipated results from a £100m investment calculated in the Business Case. Based on a total £55m spend, final planned results are estimated as 55% of those estimated in the Business Case. Milestones are assumed to be delivered linearly over a four year period, 2025-2028. Note that meeting milestones will depend on the rate at which projects are approved in work programmes. Not all available funding will be allocated to approved projects in the year it is first made available. Narrative reporting will be provided where needed. Tracking of acheivements assumes a zero baseline at the start of the GBF Fund (June 2024). UK attribution of 18.9% based on £55m ($73m) contribution to a total pot of $386m as per June 2026 Financial Report. https://www.thegef.org/sites/default/files/documents/2026-05/EN.GEF_.GBFF_.06_Inf.03%20GBFF%20Financial%20Report.pdf. Assumptions made in acheiveing the outputs: - As results are based on project-level estimated results, an 80% success factor is applied based on historic GEF performance. - GBF Fund achieves required capitalisation level from donors, project proposals meet funding requirements, - Agencies fulfil their role in the delivery chain, - GEF Secretariat are sufficiently resourced to manage new fund, - GEF Secretariat make positive changes in response to independent review of GBF Fund Calculations: - Milestones are based on the relative level of UK contribution compared to the anticipated results from a £100m investment as modelled in the Business Case. Spend, milestones and results are cumulative. - This level of real-world outputs are unlikely to be realised by June 2028. due to the time lag resulting from a) staggered contributions, b) project approval and operationalisation, c) project delivery timelines, and d) output realisation.
C39: Achieved | E39: ='AR25 Results'!H16/1000000 -> 1.6975917 | F39: =E39+('AR26 Results'!H16/1000000) -> 2.2482223
C40: Source
C41: GBF Fund Progress Report
B42: Output Indicator 1.2 | D42: Baseline (June 2024) | E42: Milestone 1 (June 2025) | F42: Milestone 2 (June 2026) | G42: Milestone 3 (June 2027) | H42: Milestone 3 (June 2027) | I42: Target (June 2028)
B43: Marine protected areas created or under improved management (million hectares) | C43: Planned | D43: 0 | E43: =Milestones!E11/1000000 -> 0.19117219 | F43: =Milestones!F11/1000000 -> 0.38234438 | G43: =Milestones!G11/1000000 -> 0.57351657 | H43: =Milestones!H11/1000000 -> 0.76468876
C44: Achieved | E44: ='AR25 Results'!H17/1000000 -> 3.3770233 | F44: =E44+('AR26 Results'!H17/1000000) -> 4.6031598
C45: Source
C46: GBF Fund Progress Report
B47: Output Indicator 1.3 | D47: Baseline (June 2024) | E47: Milestone 1 (June 2025) | F47: Milestone 2 (June 2026) | G47: Milestone 3 (June 2027) | H47: Milestone 3 (June 2027) | I47: Target (June 2028)
B48: Area of land and ecosystems under restoration (thousand hectares) | C48: Planned | D48: 0 | E48: =Milestones!E12/1000 -> 16.55181 | F48: =Milestones!F12/1000 -> 33.10362 | G48: =Milestones!G12/1000 -> 49.65543 | H48: =Milestones!H12/1000 -> 66.20724
C49: Achieved | E49: ='AR25 Results'!H18/1000 -> 2.2657308 | F49: =E49+('AR26 Results'!H18/1000) -> 11.928776
C50: Source
C51: GBF Fund Progress Report
B52: Output Indicator 1.4 | D52: Baseline (June 2024) | E52: Milestone 1 (June 2025) | F52: Milestone 2 (June 2026) | G52: Milestone 3 (June 2027) | H52: Milestone 3 (June 2027) | I52: Target (June 2028)
B53: Area of landscapes under improved practices (millions hectares; excl. protected areas) | C53: Planned | D53: 0 | E53: =Milestones!E13/1000000 -> 1.3428495 | F53: =Milestones!F13/1000000 -> 2.6856991 | G53: =Milestones!G13/1000000 -> 4.0285486 | H53: =Milestones!H13/1000000 -> 5.3713981
C54: Achieved | E54: ='AR25 Results'!H19/1000000 -> 1.6177187 | F54: =E54+('AR26 Results'!H19/1000000) -> 1.7274283
C55: Source
C56: GBF Fund Progress Report
B57: Output Indicator 1.5 | D57: Baseline (June 2024) | E57: Milestone 1 (June 2025) | F57: Milestone 2 (June 2026) | G57: Milestone 3 (June 2027) | H57: Milestone 3 (June 2027) | I57: Target (June 2028)
B58: Area of marine habitat under improved practices to benefit biodiversity (million hectares; excl. protected areas) | C58: Planned | D58: 0 | E58: =Milestones!E14/1000000 -> 0.90026684 | F58: =Milestones!F14/1000000 -> 1.8005337 | G58: =Milestones!G14/1000000 -> 2.7008005 | H58: =Milestones!H14/1000000 -> 3.6010674
C59: Achieved | E59: ='AR25 Results'!H21/1000000 -> 0.045957025 | F59: =E59+('AR26 Results'!H20/1000000) -> 0.13380847
C60: Source
C61: GBF Fund Progress Report
B62: Output Indicator 1.6 | D62: Baseline (June 2024) | E62: Milestone 1 (June 2025) | F62: Milestone 2 (June 2026) | G62: Milestone 3 (June 2027) | H62: Milestone 3 (June 2027)
B63: Number of direct beneficiaries disaggregated by gender as co-benefit of GEF investment (thousands) | C63: Planned | D63: In absence of programme-level ancitpated beneficiary data, no GBF Fund target is proposed, but the indicator will be monitored across the GBF Fund programme
C64: Achieved (Total) | E64: ='AR25 Results'!H21 -> 45957.025 | F64: =E64+'AR26 Results'!H21 -> 66257.369
C65: Disaggregation (women) | E65: ='AR25 Results'!H22 -> 23156.675 | F65: =E65+'AR26 Results'!H22 -> 33345.213
C66: % Women | E66: =E65/E64 -> 0.50387671 | F66: =F65/F64 -> 0.50326799
C67: Source
C68: GBF Fund Progress Report
B69: Output Indicator 1.7 (portfolio) | D69: Baseline (June 2024) | E69: Milestone 1 (June 2025) | F69: Milestone 2 (June 2026) | G69: Milestone 3 (June 2027) | H69: Milestone 3 (June 2027) | I69: Target (June 2028)
B70: Co-financing ratio of GBF Fund projects (e.g. £7 of funds leveraged for £1 of GBF Fund financing is 7:1) | C70: Planned | D70: 7:1 (GEF7 achieved target) | E70: =Milestones!E17 -> 7 | F70: =Milestones!F17 -> 7 | G70: =Milestones!F17 -> 7 | H70: =Milestones!G17 -> 7 | I70: 8:1
C71: Achieved | E71: ='Aggregate AR Results'!B14/'Aggregate AR Results'!B22 -> 2.6596193 | F71: =SUM('Aggregate AR Results'!B14:C14)/SUM('Aggregate AR Results'!B22:C22) -> 2.3330515
C72: Source
C73: GBF Fund Progress Report
B74: Output Indicator 1.8 (portfolio) | D74: Baseline (June 2024) | E74: Milestone 1 (June 2025) | F74: Milestone 2 (June 2026) | G74: Milestone 3 (June 2027) | H74: Milestone 3 (June 2027)
B75: 36 percent + 3 percent of funding allocated to small island developing States (SIDS)/least developed countries (LDCs | C75: Planned | D75: 0 | E75: =Milestones!E18 -> 0.39 | F75: =Milestones!F18 -> 0.39 | G75: =Milestones!F18 -> 0.39 | H75: =Milestones!G18 -> 0.39
C76: Achieved | E76: ='Aggregate AR Results'!B17/'Aggregate AR Results'!B22 -> 0.12081657 | F76: =SUM('Aggregate AR Results'!B17:C17)/SUM('Aggregate AR Results'!B22:C22) -> 0.25559033
C77: Source
C78: GBF Fund Progress Report
B79: Output Indicator 1.9 (portfolio) | D79: Baseline (June 2024) | E79: Milestone 1 (June 2025) | F79: Milestone 2 (June 2026) | G79: Milestone 3 (June 2027) | H79: Milestone 3 (June 2027)
B80: 25 percent to be programmed through international financing institutions (IFIs) | C80: Planned | D80: 0 | E80: =Milestones!E19 -> 0.25 | F80: =Milestones!F19 -> 0.25 | G80: =Milestones!F19 -> 0.25 | H80: =Milestones!G19 -> 0.25
C81: Achieved | E81: ='Aggregate AR Results'!B18/'Aggregate AR Results'!B22 -> 0 | F81: =SUM('Aggregate AR Results'!B18:C18)/SUM('Aggregate AR Results'!B22:C22) -> 0.12502879
C82: Source
C83: GBF Fund Progress Report
B84: Output Indicator 1.10 (portfolio) | D84: Baseline (June 2024) | E84: Milestone 1 (June 2025) | F84: Milestone 2 (June 2026) | G84: Milestone 3 (June 2027) | H84: Milestone 3 (June 2027)
B85: Share of 20 percent by 2030 to support actions by Indigenous Peoples and Local Communities (IPLCs) | C85: Planned | D85: 0 | E85: =Milestones!E20 -> 0.2 | F85: =Milestones!F20 -> 0.2 | G85: =Milestones!F20 -> 0.2 | H85: =Milestones!G20 -> 0.2
C86: Achieved | E86: ='Aggregate AR Results'!B19/'Aggregate AR Results'!B22 -> 0.43552436 | F86: =SUM('Aggregate AR Results'!B19:C19)/SUM('Aggregate AR Results'!B22:C22) -> 0.32681359
C87: Source
C88: GBF Fund Progress Report

Sheet ICF 25
B1: Rio Marker? | C1: In-year Result | D1: In-year Target | E1: Cumulative Result | F1: Cumulative Target | G1: Of Whom Men | H1: Of Whom Women
A2: 1. People supported to adapt to climate change (#) | C2: =SUM(C3:C11) -> 42094.71 | D2: N/A | E2: 0 | F2: N/A | G2: =C2-H2 -> 20752.885 | H2: =SUM(H3:H11) -> 21341.824
A3: Mexico | B3: =VLOOKUP(A3,'Project Data'!$B$3:$AT$9,43,FALSE) -> Yes | C3: =IF(B3="Yes",VLOOKUP(A3,'Project Data'!$B$3:$AT$28,41,FALSE)*Inputs!$C$3*'GBFF Pot'!$B$5,0) -> 24665.198 | G3: =IFERROR(C3-H3,0) -> 12128.155 | H3: =IF(B3="Yes",VLOOKUP(A3,'Project Data'!$B$3:$AT$28,42,FALSE)*Inputs!$C$3*'GBFF Pot'!$B$5,0) -> 12537.044
A4: Brazil 1 | B4: =VLOOKUP(A4,'Project Data'!$B$3:$AT$9,43,FALSE) -> Yes | C4: =IF(B4="Yes",VLOOKUP(A4,'Project Data'!$B$3:$AT$28,41,FALSE)*Inputs!$C$3*'GBFF Pot'!$B$5,0) -> 663.10387 | G4: =IFERROR(C4-H4,0) -> 241.5269 | H4: =IF(B4="Yes",VLOOKUP(A4,'Project Data'!$B$3:$AT$28,42,FALSE)*Inputs!$C$3*'GBFF Pot'!$B$5,0) -> 421.57697
A5: Brazil 2 | B5: =VLOOKUP(A5,'Project Data'!$B$3:$AT$9,43,FALSE) -> Yes | C5: =IF(B5="Yes",VLOOKUP(A5,'Project Data'!$B$3:$AT$28,41,FALSE)*Inputs!$C$3*'GBFF Pot'!$B$5,0) -> 9213.9717 | G5: =IFERROR(C5-H5,0) -> 4606.9859 | H5: =IF(B5="Yes",VLOOKUP(A5,'Project Data'!$B$3:$AT$28,42,FALSE)*Inputs!$C$3*'GBFF Pot'!$B$5,0) -> 4606.9859
A6: Gabon | B6: =VLOOKUP(A6,'Project Data'!$B$3:$AT$9,43,FALSE) -> No | C6: =IF(B6="Yes",VLOOKUP(A6,'Project Data'!$B$3:$AT$28,41,FALSE)*Inputs!$C$3*'GBFF Pot'!$B$5,0) -> 0 | G6: =IFERROR(C6-H6,0) -> 0 | H6: =IF(B6="Yes",VLOOKUP(A6,'Project Data'!$B$3:$AT$28,42,FALSE)*Inputs!$C$3*'GBFF Pot'!$B$5,0) -> 0
A7: Congo DR | B7: =VLOOKUP(A7,'Project Data'!$B$3:$AT$9,43,FALSE) -> Yes | C7: =IF(B7="Yes",VLOOKUP(A7,'Project Data'!$B$3:$AT$28,41,FALSE)*Inputs!$C$3*'GBFF Pot'!$B$5,0) -> 7552.4358 | G7: =IFERROR(C7-H7,0) -> 3776.2179 | H7: =IF(B7="Yes",VLOOKUP(A7,'Project Data'!$B$3:$AT$28,42,FALSE)*Inputs!$C$3*'GBFF Pot'!$B$5,0) -> 3776.2179
A8: Peru | B8: =VLOOKUP(A8,'Project Data'!$B$3:$AT$9,43,FALSE) -> No | C8: =IF(B8="Yes",VLOOKUP(A8,'Project Data'!$B$3:$AT$28,41,FALSE)*Inputs!$C$3*'GBFF Pot'!$B$5,0) -> 0 | G8: =IFERROR(C8-H8,0) -> 0 | H8: =IF(B8="Yes",VLOOKUP(A8,'Project Data'!$B$3:$AT$28,42,FALSE)*Inputs!$C$3*'GBFF Pot'!$B$5,0) -> 0
A9: Cameroon | B9: =VLOOKUP("Cameroon, CAR, Congo",'Project Data'!$B$3:$AT$9,43,FALSE) -> No | C9: =IF(B9="Yes",VLOOKUP("Cameroon, CAR, Congo",'Project Data'!$B$3:$AT$28,41,FALSE)*Inputs!$C$3*'GBFF Pot'!$B$5,0) -> 0 | G9: =IFERROR(C9-H9,0) -> 0 | H9: =IF(B9="Yes",VLOOKUP(A9,'Project Data'!$B$3:$AT$28,42,FALSE)*Inputs!$C$3*'GBFF Pot'!$B$5,0) -> 0
A10: Congo | B10: =VLOOKUP("Cameroon, CAR, Congo",'Project Data'!$B$3:$AT$9,43,FALSE) -> No | C10: =IF(B10="Yes",VLOOKUP("Cameroon, CAR, Congo",'Project Data'!$B$3:$AT$28,41,FALSE)*Inputs!$C$3*'GBFF Pot'!$B$5,0) -> 0 | G10: =IFERROR(C10-H10,0) -> 0 | H10: =IF(B10="Yes",VLOOKUP(A10,'Project Data'!$B$3:$AT$28,42,FALSE)*Inputs!$C$3*'GBFF Pot'!$B$5,0) -> 0
A11: CAR | B11: =VLOOKUP("Cameroon, CAR, Congo",'Project Data'!$B$3:$AT$9,43,FALSE) -> No | C11: =IF(B11="Yes",VLOOKUP("Cameroon, CAR, Congo",'Project Data'!$B$3:$AT$28,41,FALSE)*Inputs!$C$3*'GBFF Pot'!$B$5,0) -> 0 | G11: =IFERROR(C11-H11,0) -> 0 | H11: =IF(B11="Yes",VLOOKUP(A11,'Project Data'!$B$3:$AT$28,42,FALSE)*Inputs!$C$3*'GBFF Pot'!$B$5,0) -> 0
A13: 6. Greenhouse Gas Emissions Avoided (tCO2e) | C13: =SUM(C14:C22) -> 10613837 | D13: =Milestones!F4-Milestones!E4 -> 6188137.6 | E13: 0 | F13: =Milestones!E4 -> 6188137.6
A14: Mexico | C14: =VLOOKUP(A14,'Project Data'!$B$3:$AT$28,33,FALSE)*Inputs!$C$3*'GBFF Pot'!$B$5 -> 860977.69
A15: Brazil 1 | C15: =VLOOKUP(A15,'Project Data'!$B$3:$AT$28,33,FALSE)*Inputs!$C$3*'GBFF Pot'!$B$5 -> 7376861.9
A16: Brazil 2 | C16: =VLOOKUP(A16,'Project Data'!$B$3:$AT$28,33,FALSE)*Inputs!$C$3*'GBFF Pot'!$B$5 -> 0
A17: Gabon | C17: =VLOOKUP(A17,'Project Data'!$B$3:$AT$28,33,FALSE)*Inputs!$C$3*'GBFF Pot'!$B$5 -> 0
A18: Congo DR | C18: =VLOOKUP(A18,'Project Data'!$B$3:$AT$28,33,FALSE)*Inputs!$C$3*'GBFF Pot'!$B$5 -> 1301572
A19: Peru | C19: =VLOOKUP(A19,'Project Data'!$B$3:$AT$28,33,FALSE)*Inputs!$C$3*'GBFF Pot'!$B$5 -> 52537.916
A20: Cameroon | C20: =(VLOOKUP("Cameroon, CAR, Congo",'Project Data'!$B$3:$AT$28,33,FALSE)*Inputs!$C$3*'GBFF Pot'!$B$5)/3 -> 340629.31
A21: Congo | C21: =(VLOOKUP("Cameroon, CAR, Congo",'Project Data'!$B$3:$AT$28,33,FALSE)*Inputs!$C$3*'GBFF Pot'!$B$5)/3 -> 340629.31
A22: CAR | C22: =(VLOOKUP("Cameroon, CAR, Congo",'Project Data'!$B$3:$AT$28,33,FALSE)*Inputs!$C$3*'GBFF Pot'!$B$5)/3 -> 340629.31
A24: 11. Public Finance Leveraged (£m) | C24: =SUM(C25:C33) -> 9536908.2 | D24: N/A | E24: 0 | F24: N/A
A25: Mexico | B25: =VLOOKUP(A25,'Project Data'!$B$3:$AT$9,43,FALSE) -> Yes | C25: =IF(B25="Yes",VLOOKUP(A25,'Project Data'!$B$3:$AT$28,12,FALSE)*Inputs!$C$5*'GBFF Pot'!$B$5*Inputs!$C$8,0) -> 7565779.1
A26: Brazil 1 | B26: =VLOOKUP(A26,'Project Data'!$B$3:$AT$9,43,FALSE) -> Yes | C26: =IF(B26="Yes",VLOOKUP(A26,'Project Data'!$B$3:$AT$28,12,FALSE)*Inputs!$C$5*'GBFF Pot'!$B$5*Inputs!$C$8,0) -> 0
A27: Brazil 2 | B27: =VLOOKUP(A27,'Project Data'!$B$3:$AT$9,43,FALSE) -> Yes | C27: =IF(B27="Yes",VLOOKUP(A27,'Project Data'!$B$3:$AT$28,12,FALSE)*Inputs!$C$5*'GBFF Pot'!$B$5*Inputs!$C$8,0) -> 1085228.4
A28: Gabon | B28: =VLOOKUP(A28,'Project Data'!$B$3:$AT$9,43,FALSE) -> No | C28: =IF(B28="Yes",VLOOKUP(A28,'Project Data'!$B$3:$AT$28,12,FALSE)*Inputs!$C$5*'GBFF Pot'!$B$5*Inputs!$C$8,0) -> 0
A29: Congo DR | B29: =VLOOKUP(A29,'Project Data'!$B$3:$AT$9,43,FALSE) -> Yes | C29: =IF(B29="Yes",VLOOKUP(A29,'Project Data'!$B$3:$AT$28,12,FALSE)*Inputs!$C$5*'GBFF Pot'!$B$5*Inputs!$C$8,0) -> 885900.72
A30: Peru | B30: =VLOOKUP(A30,'Project Data'!$B$3:$AT$9,43,FALSE) -> No | C30: =IF(B30="Yes",VLOOKUP(A30,'Project Data'!$B$3:$AT$28,12,FALSE)*Inputs!$C$5*'GBFF Pot'!$B$5*Inputs!$C$8,0) -> 0
A31: Cameroon | B31: =VLOOKUP("Cameroon, CAR, Congo",'Project Data'!$B$3:$AT$9,43,FALSE) -> No | C31: =IF(B31="Yes",(VLOOKUP("Cameroon, CAR, Congo",'Project Data'!$B$3:$AT$28,12,FALSE)*Inputs!$C$3*'GBFF Pot'!$B$5)/3,0) -> 0
A32: Congo | B32: =VLOOKUP("Cameroon, CAR, Congo",'Project Data'!$B$3:$AT$9,43,FALSE) -> No | C32: =IF(B32="Yes",(VLOOKUP("Cameroon, CAR, Congo",'Project Data'!$B$3:$AT$28,12,FALSE)*Inputs!$C$3*'GBFF Pot'!$B$5)/3,0) -> 0
A33: CAR | B33: =VLOOKUP("Cameroon, CAR, Congo",'Project Data'!$B$3:$AT$9,43,FALSE) -> No | C33: =IF(B33="Yes",(VLOOKUP("Cameroon, CAR, Congo",'Project Data'!$B$3:$AT$28,12,FALSE)*Inputs!$C$3*'GBFF Pot'!$B$5)/3,0) -> 0
A35: 12. Private Finance Leveraged (£m) | C35: =SUM(C36:C44) -> 1200912.3 | D35: N/A | E35: 0 | F35: N/A
A36: Mexico | B36: =VLOOKUP(A36,'Project Data'!$B$3:$AT$9,43,FALSE) -> Yes | C36: =IF(B36="Yes",VLOOKUP(A36,'Project Data'!$B$3:$AT$28,11,FALSE)*Inputs!$C$5*'GBFF Pot'!$B$5*Inputs!$C$8,0) -> 964672.06
A37: Brazil 1 | B37: =VLOOKUP(A37,'Project Data'!$B$3:$AT$9,43,FALSE) -> Yes | C37: =IF(B37="Yes",VLOOKUP(A37,'Project Data'!$B$3:$AT$28,11,FALSE)*Inputs!$C$5*'GBFF Pot'!$B$5*Inputs!$C$8,0) -> 0
A38: Brazil 2 | B38: =VLOOKUP(A38,'Project Data'!$B$3:$AT$9,43,FALSE) -> Yes | C38: =IF(B38="Yes",VLOOKUP(A38,'Project Data'!$B$3:$AT$28,11,FALSE)*Inputs!$C$5*'GBFF Pot'!$B$5*Inputs!$C$8,0) -> 236240.19
A39: Gabon | B39: =VLOOKUP(A39,'Project Data'!$B$3:$AT$9,43,FALSE) -> No | C39: =IF(B39="Yes",VLOOKUP(A39,'Project Data'!$B$3:$AT$28,11,FALSE)*Inputs!$C$5*'GBFF Pot'!$B$5*Inputs!$C$8,0) -> 0
A40: Congo DR | B40: =VLOOKUP(A40,'Project Data'!$B$3:$AT$9,43,FALSE) -> Yes | C40: =IF(B40="Yes",VLOOKUP(A40,'Project Data'!$B$3:$AT$28,11,FALSE)*Inputs!$C$5*'GBFF Pot'!$B$5*Inputs!$C$8,0) -> 0
A41: Peru | B41: =VLOOKUP(A41,'Project Data'!$B$3:$AT$9,43,FALSE) -> No | C41: =IF(B41="Yes",VLOOKUP(A41,'Project Data'!$B$3:$AT$28,11,FALSE)*Inputs!$C$5*'GBFF Pot'!$B$5*Inputs!$C$8,0) -> 0
A42: Cameroon | B42: =VLOOKUP("Cameroon, CAR, Congo",'Project Data'!$B$3:$AT$9,43,FALSE) -> No | C42: =IF(B42="Yes",(VLOOKUP("Cameroon, CAR, Congo",'Project Data'!$B$3:$AT$28,11,FALSE)*Inputs!$C$3*'GBFF Pot'!$B$5)/3,0) -> 0
A43: Congo | B43: =VLOOKUP("Cameroon, CAR, Congo",'Project Data'!$B$3:$AT$9,43,FALSE) -> No | C43: =IF(B43="Yes",(VLOOKUP("Cameroon, CAR, Congo",'Project Data'!$B$3:$AT$28,11,FALSE)*Inputs!$C$3*'GBFF Pot'!$B$5)/3,0) -> 0
A44: CAR | B44: =VLOOKUP("Cameroon, CAR, Congo",'Project Data'!$B$3:$AT$9,43,FALSE) -> No | C44: =IF(B44="Yes",(VLOOKUP("Cameroon, CAR, Congo",'Project Data'!$B$3:$AT$28,11,FALSE)*Inputs!$C$3*'GBFF Pot'!$B$5)/3,0) -> 0
A46: 17. Land Sustainably Managed (ha) | C46: =SUM(C47:C55) -> 5345665.7 | D46: =Milestones!E7 -> 3461775 | E46: 0 | F46: =Milestones!E7 -> 3461775
A47: Mexico | B47: Yes | C47: =VLOOKUP(A47,'Project Data'!$B$3:$AT$28,45,FALSE)*Inputs!$C$3*Inputs!$C$4*'GBFF Pot'!$B$5 -> 3717582.5
A48: Brazil 1 | B48: Yes | C48: =VLOOKUP(A48,'Project Data'!$B$3:$AT$28,45,FALSE)*Inputs!$C$3*Inputs!$C$4*'GBFF Pot'!$B$5 -> 657474.32
A49: Brazil 2 | B49: Yes | C49: =VLOOKUP(A49,'Project Data'!$B$3:$AT$28,45,FALSE)*Inputs!$C$3*Inputs!$C$4*'GBFF Pot'!$B$5 -> 918376.2
A50: Gabon | B50: No
A51: Congo DR | B51: Yes | C51: =VLOOKUP(A51,'Project Data'!$B$3:$AT$28,45,FALSE)*Inputs!$C$3*Inputs!$C$4*'GBFF Pot'!$B$5 -> 52232.646
A52: Peru | B52: No
A53: Cameroon | B53: No
A54: Congo | B54: No
A55: CAR | B55: No
A57: TA 1. Countries Supported (#) | C57: 8 | D57: N/A | E57: 8 | F57: N/A
A58: Mexico
A59: Brazil 1
A60: Brazil 2
A61: Gabon
A62: Congo DR
A63: Peru
A64: Cameroon
A65: Congo
A66: CAR
A68: TA 2. Individuals supported (#) | C68: =SUM(C69:C77) -> 42094.71 | D68: N/A | E68: 0 | F68: N/A | G68: =C68-H68 -> 20752.885 | H68: =SUM(H69:H77) -> 21341.824
A69: Mexico | B69: Yes | C69: =VLOOKUP(A69,'Project Data'!$B$3:$AT$28,41,FALSE)*Inputs!$C$3*'GBFF Pot'!$B$5 -> 24665.198 | H69: =VLOOKUP(A69,'Project Data'!$B$3:$AT$28,42,FALSE)*Inputs!$C$3*'GBFF Pot'!$B$5 -> 12537.044
A70: Brazil 1 | B70: Yes | C70: =VLOOKUP(A70,'Project Data'!$B$3:$AT$28,41,FALSE)*Inputs!$C$3*'GBFF Pot'!$B$5 -> 663.10387 | H70: =VLOOKUP(A70,'Project Data'!$B$3:$AT$28,42,FALSE)*Inputs!$C$3*'GBFF Pot'!$B$5 -> 421.57697
A71: Brazil 2 | B71: Yes | C71: =VLOOKUP(A71,'Project Data'!$B$3:$AT$28,41,FALSE)*Inputs!$C$3*'GBFF Pot'!$B$5 -> 9213.9717 | H71: =VLOOKUP(A71,'Project Data'!$B$3:$AT$28,42,FALSE)*Inputs!$C$3*'GBFF Pot'!$B$5 -> 4606.9859
A72: Gabon | B72: No | C72: 0
A73: Congo DR | B73: Yes | C73: =VLOOKUP(A73,'Project Data'!$B$3:$AT$28,41,FALSE)*Inputs!$C$3*'GBFF Pot'!$B$5 -> 7552.4358 | H73: =VLOOKUP(A73,'Project Data'!$B$3:$AT$28,42,FALSE)*Inputs!$C$3*'GBFF Pot'!$B$5 -> 3776.2179
A74: Peru | B74: No | C74: 0
A75: Cameroon | B75: No | C75: 0
A76: Congo | B76: No | C76: 0
A77: CAR | B77: No | C77: 0
A79: DI 1. Land Sustainably Managed (ha) | C79: =SUM(C80:C88) -> 6359869.5 | D79: =Milestones!E40 -> 0 | E79: 0 | F79: =Milestones!E40 -> 0
A80: Mexico | B80: Yes | C80: =VLOOKUP(A80,'Project Data'!$B$3:$AT$28,45,FALSE)*Inputs!$C$3*Inputs!$C$4*'GBFF Pot'!$B$5 -> 3717582.5
A81: Brazil 1 | B81: Yes | C81: =VLOOKUP(A81,'Project Data'!$B$3:$AT$28,45,FALSE)*Inputs!$C$3*Inputs!$C$4*'GBFF Pot'!$B$5 -> 657474.32
A82: Brazil 2 | B82: Yes | C82: =VLOOKUP(A82,'Project Data'!$B$3:$AT$28,45,FALSE)*Inputs!$C$3*Inputs!$C$4*'GBFF Pot'!$B$5 -> 918376.2
A83: Gabon | B83: No | C83: =VLOOKUP(A83,'Project Data'!$B$3:$AT$28,45,FALSE)*Inputs!$C$3*Inputs!$C$4*'GBFF Pot'!$B$5 -> 162753.48
A84: Congo DR | B84: Yes | C84: =VLOOKUP(A84,'Project Data'!$B$3:$AT$28,45,FALSE)*Inputs!$C$3*Inputs!$C$4*'GBFF Pot'!$B$5 -> 52232.646
A85: Peru | B85: No | C85: =VLOOKUP(A85,'Project Data'!$B$3:$AT$28,45,FALSE)*Inputs!$C$3*Inputs!$C$4*'GBFF Pot'!$B$5 -> 659986.78
A86: Cameroon | B86: No | C86: =(VLOOKUP("Cameroon, CAR, Congo",'Project Data'!$B$3:$AT$28,45,FALSE)*Inputs!$C$3*Inputs!$C$4*'GBFF Pot'!$B$5)/3 -> 63821.167
A87: Congo | B87: No | C87: =(VLOOKUP("Cameroon, CAR, Congo",'Project Data'!$B$3:$AT$28,45,FALSE)*Inputs!$C$3*Inputs!$C$4*'GBFF Pot'!$B$5)/3 -> 63821.167
A88: CAR | B88: No | C88: =(VLOOKUP("Cameroon, CAR, Congo",'Project Data'!$B$3:$AT$28,45,FALSE)*Inputs!$C$3*Inputs!$C$4*'GBFF Pot'!$B$5)/3 -> 63821.167

Sheet ICF 26
B1: Rio Marker? | C1: In-year Result | D1: In-year Target | E1: Cumulative Result | F1: Cumulative Target | G1: Of Whom Men | H1: Of Whom Women
A2: 1. People supported to adapt to climate change (#) | C2: =SUM(C3:C21) -> 12515.746 | D2: N/A | E2: ='ICF 25'!C2+C2 -> 54610.455 | F2: N/A | G2: =C2-H2 -> 6275.9231 | H2: =SUM(H3:H21) -> 6239.8225
A3: Angola | B3: =VLOOKUP(A3,'Project Data'!$B$10:$AT$28,43,FALSE) -> No | C3: =IF(B3="Yes",VLOOKUP(A3,'Project Data'!$B$3:$AT$28,41,FALSE)*Inputs!$C$3*'GBFF Pot'!$B$5,0) -> 0 | G3: =IFERROR(C3-H3,"-") -> 0 | H3: =IF(B3="Yes",VLOOKUP(A3,'Project Data'!$B$3:$AT$28,42,FALSE)*Inputs!$C$3*'GBFF Pot'!$B$5,0) -> 0
A4: Belize | B4: =VLOOKUP(A4,'Project Data'!$B$10:$AT$28,43,FALSE) -> Yes | C4: =IF(B4="Yes",VLOOKUP(A4,'Project Data'!$B$3:$AT$28,41,FALSE)*Inputs!$C$3*'GBFF Pot'!$B$5,0) -> 30.209743 | G4: =IFERROR(C4-H4,"-") -> 15.104872 | H4: =IF(B4="Yes",VLOOKUP(A4,'Project Data'!$B$3:$AT$28,42,FALSE)*Inputs!$C$3*'GBFF Pot'!$B$5,0) -> 15.104872
A5: Cambodia | B5: =VLOOKUP(A5,'Project Data'!$B$10:$AT$28,43,FALSE) -> No | C5: =IF(B5="Yes",VLOOKUP(A5,'Project Data'!$B$3:$AT$28,41,FALSE)*Inputs!$C$3*'GBFF Pot'!$B$5,0) -> 0 | G5: =IFERROR(C5-H5,"-") -> 0 | H5: =IF(B5="Yes",VLOOKUP(A5,'Project Data'!$B$3:$AT$28,42,FALSE)*Inputs!$C$3*'GBFF Pot'!$B$5,0) -> 0
A6: Colombia | B6: =VLOOKUP(A6,'Project Data'!$B$10:$AT$28,43,FALSE) -> Yes | C6: =IF(B6="Yes",VLOOKUP(A6,'Project Data'!$B$3:$AT$28,41,FALSE)*Inputs!$C$3*'GBFF Pot'!$B$5,0) -> 583.04805 | G6: =IFERROR(C6-H6,"-") -> 279.89327 | H6: =IF(B6="Yes",VLOOKUP(A6,'Project Data'!$B$3:$AT$28,42,FALSE)*Inputs!$C$3*'GBFF Pot'!$B$5,0) -> 303.15477
A7: Costa Rica | B7: =VLOOKUP(A7,'Project Data'!$B$10:$AT$28,43,FALSE) -> Yes | C7: =IF(B7="Yes",VLOOKUP(A7,'Project Data'!$B$3:$AT$28,41,FALSE)*Inputs!$C$3*'GBFF Pot'!$B$5,0) -> 335.93235 | G7: =IFERROR(C7-H7,"-") -> 198.17592 | H7: =IF(B7="Yes",VLOOKUP(A7,'Project Data'!$B$3:$AT$28,42,FALSE)*Inputs!$C$3*'GBFF Pot'!$B$5,0) -> 137.75643
A8: Dominican Republic | B8: =VLOOKUP(A8,'Project Data'!$B$10:$AT$28,43,FALSE) -> Yes | C8: =IF(B8="Yes",VLOOKUP(A8,'Project Data'!$B$3:$AT$28,41,FALSE)*Inputs!$C$3*'GBFF Pot'!$B$5,0) -> 75.524358 | G8: =IFERROR(C8-H8,"-") -> 37.762179 | H8: =IF(B8="Yes",VLOOKUP(A8,'Project Data'!$B$3:$AT$28,42,FALSE)*Inputs!$C$3*'GBFF Pot'!$B$5,0) -> 37.762179
A9: Ethiopia | B9: =VLOOKUP(A9,'Project Data'!$B$10:$AT$28,43,FALSE) -> Yes | C9: =IF(B9="Yes",VLOOKUP(A9,'Project Data'!$B$3:$AT$28,41,FALSE)*Inputs!$C$3*'GBFF Pot'!$B$5,0) -> 1359.4385 | G9: =IFERROR(C9-H9,"-") -> 679.71923 | H9: =IF(B9="Yes",VLOOKUP(A9,'Project Data'!$B$3:$AT$28,42,FALSE)*Inputs!$C$3*'GBFF Pot'!$B$5,0) -> 679.71923
A10: Indonesia | B10: =VLOOKUP(A10,'Project Data'!$B$10:$AT$28,43,FALSE) -> No | C10: =IF(B10="Yes",VLOOKUP(A10,'Project Data'!$B$3:$AT$28,41,FALSE)*Inputs!$C$3*'GBFF Pot'!$B$5,0) -> 0 | G10: =IFERROR(C10-H10,"-") -> 0 | H10: =IF(B10="Yes",VLOOKUP(A10,'Project Data'!$B$3:$AT$28,42,FALSE)*Inputs!$C$3*'GBFF Pot'!$B$5,0) -> 0
A11: Jordan | B11: =VLOOKUP(A11,'Project Data'!$B$10:$AT$28,43,FALSE) -> Yes | C11: =IF(B11="Yes",VLOOKUP(A11,'Project Data'!$B$3:$AT$28,41,FALSE)*Inputs!$C$3*'GBFF Pot'!$B$5,0) -> 60.419487 | G11: =IFERROR(C11-H11,"-") -> 30.209743 | H11: =IF(B11="Yes",VLOOKUP(A11,'Project Data'!$B$3:$AT$28,42,FALSE)*Inputs!$C$3*'GBFF Pot'!$B$5,0) -> 30.209743
A12: Lao PDR | B12: =VLOOKUP(A12,'Project Data'!$B$10:$AT$28,43,FALSE) -> Yes | C12: =IF(B12="Yes",VLOOKUP(A12,'Project Data'!$B$3:$AT$28,41,FALSE)*Inputs!$C$3*'GBFF Pot'!$B$5,0) -> 1510.4872 | G12: =IFERROR(C12-H12,"-") -> 755.24358 | H12: =IF(B12="Yes",VLOOKUP(A12,'Project Data'!$B$3:$AT$28,42,FALSE)*Inputs!$C$3*'GBFF Pot'!$B$5,0) -> 755.24358
A13: Madagascar | B13: =VLOOKUP(A13,'Project Data'!$B$10:$AT$28,43,FALSE) -> No | C13: =IF(B13="Yes",VLOOKUP(A13,'Project Data'!$B$3:$AT$28,41,FALSE)*Inputs!$C$3*'GBFF Pot'!$B$5,0) -> 0 | G13: =IFERROR(C13-H13,"-") -> 0 | H13: =IF(B13="Yes",VLOOKUP(A13,'Project Data'!$B$3:$AT$28,42,FALSE)*Inputs!$C$3*'GBFF Pot'!$B$5,0) -> 0
A14: Mozambique | B14: =VLOOKUP(A14,'Project Data'!$B$10:$AT$28,43,FALSE) -> Yes | C14: =IF(B14="Yes",VLOOKUP(A14,'Project Data'!$B$3:$AT$28,41,FALSE)*Inputs!$C$3*'GBFF Pot'!$B$5,0) -> 1709.1162 | G14: =IFERROR(C14-H14,"-") -> 860.37349 | H14: =IF(B14="Yes",VLOOKUP(A14,'Project Data'!$B$3:$AT$28,42,FALSE)*Inputs!$C$3*'GBFF Pot'!$B$5,0) -> 848.74274
... A21: South Africa | B21: =VLOOKUP(A21,'Project Data'!$B$10:$AT$28,43,FALSE) -> No | C21: =IF(B21="Yes",VLOOKUP(A21,'Project Data'!$B$3:$AT$28,41,FALSE)*Inputs!$C$3*'GBFF Pot'!$B$5,0) -> 0 | G21: =IFERROR(C21-H21,"-") -> 0 | H21: =IF(B21="Yes",VLOOKUP(A21,'Project Data'!$B$3:$AT$28,42,FALSE)*Inputs!$C$3*'GBFF Pot'!$B$5,0) -> 0
A22: 6. Greenhouse Gas Emissions Avoided (tCO2e) | C22: =SUM(C23:C41) -> 7278457.6 | D22: =Milestones!F4-Milestones!E4 -> 6188137.6 | E22: =C22+'ICF 25'!C13 -> 17892295 | F22: =Milestones!F4 -> 12376275
A23: Angola | C23: =VLOOKUP(A23,'Project Data'!$B$3:$AT$28,33,FALSE)*Inputs!$C$3*'GBFF Pot'!$B$5 -> 0
A24: Belize | C24: =VLOOKUP(A24,'Project Data'!$B$3:$AT$28,33,FALSE)*Inputs!$C$3*'GBFF Pot'!$B$5 -> 0
A25: Cambodia | C25: =VLOOKUP(A25,'Project Data'!$B$3:$AT$28,33,FALSE)*Inputs!$C$3*'GBFF Pot'!$B$5 -> 53724.403
A26: Colombia | C26: =VLOOKUP(A26,'Project Data'!$B$3:$AT$28,33,FALSE)*Inputs!$C$3*'GBFF Pot'!$B$5 -> 1038524.6
A27: Costa Rica | C27: =VLOOKUP(A27,'Project Data'!$B$3:$AT$28,33,FALSE)*Inputs!$C$3*'GBFF Pot'!$B$5 -> 0
A28: Dominican Republic | C28: =VLOOKUP(A28,'Project Data'!$B$3:$AT$28,33,FALSE)*Inputs!$C$3*'GBFF Pot'!$B$5 -> 0
A29: Ethiopia | C29: =VLOOKUP(A29,'Project Data'!$B$3:$AT$28,33,FALSE)*Inputs!$C$3*'GBFF Pot'!$B$5 -> 562732.45
A30: Indonesia | C30: =VLOOKUP(A30,'Project Data'!$B$3:$AT$28,33,FALSE)*Inputs!$C$3*'GBFF Pot'!$B$5 -> 0
A31: Jordan | C31: =VLOOKUP(A31,'Project Data'!$B$3:$AT$28,33,FALSE)*Inputs!$C$3*'GBFF Pot'!$B$5 -> 3528.9512
A32: Lao PDR | C32: =VLOOKUP(A32,'Project Data'!$B$3:$AT$28,33,FALSE)*Inputs!$C$3*'GBFF Pot'!$B$5 -> 108790.42
A33: Madagascar | C33: =VLOOKUP(A33,'Project Data'!$B$3:$AT$28,33,FALSE)*Inputs!$C$3*'GBFF Pot'!$B$5 -> 0
A34: Mozambique | C34: =VLOOKUP(A34,'Project Data'!$B$3:$AT$28,33,FALSE)*Inputs!$C$3*'GBFF Pot'!$B$5 -> 4847768.1
... A41: South Africa | C41: =VLOOKUP(A41,'Project Data'!$B$3:$AT$28,33,FALSE)*Inputs!$C$3*'GBFF Pot'!$B$5 -> 0
A42: 11. Public Finance Leveraged (£m) | C42: =SUM(C43:C61) -> 4201976.3 | D42: N/A | E42: =C42+'ICF 25'!C24 -> 13738884 | F42: N/A
A43: Angola | B43: =VLOOKUP(A43,'Project Data'!$B$10:$AT$28,43,FALSE) -> No | C43: =IF(B43="Yes",VLOOKUP(A43,'Project Data'!$B$3:$AT$28,12,FALSE)*Inputs!$C$5*'GBFF Pot'!$B$5*Inputs!$C$9,0) -> 0
A44: Belize | B44: =VLOOKUP(A44,'Project Data'!$B$10:$AT$28,43,FALSE) -> Yes | C44: =IF(B44="Yes",VLOOKUP(A44,'Project Data'!$B$3:$AT$28,12,FALSE)*Inputs!$C$5*'GBFF Pot'!$B$5*Inputs!$C$9,0) -> 0
A45: Cambodia | B45: =VLOOKUP(A45,'Project Data'!$B$10:$AT$28,43,FALSE) -> No | C45: =IF(B45="Yes",VLOOKUP(A45,'Project Data'!$B$3:$AT$28,12,FALSE)*Inputs!$C$5*'GBFF Pot'!$B$5*Inputs!$C$9,0) -> 0
A46: Colombia | B46: =VLOOKUP(A46,'Project Data'!$B$10:$AT$28,43,FALSE) -> Yes | C46: =IF(B46="Yes",VLOOKUP(A46,'Project Data'!$B$3:$AT$28,12,FALSE)*Inputs!$C$5*'GBFF Pot'!$B$5*Inputs!$C$9,0) -> 1929452.5
A47: Costa Rica | B47: =VLOOKUP(A47,'Project Data'!$B$10:$AT$28,43,FALSE) -> Yes | C47: =IF(B47="Yes",VLOOKUP(A47,'Project Data'!$B$3:$AT$28,12,FALSE)*Inputs!$C$5*'GBFF Pot'!$B$5*Inputs!$C$9,0) -> 59113.554
A48: Dominican Republic | B48: =VLOOKUP(A48,'Project Data'!$B$10:$AT$28,43,FALSE) -> Yes | C48: =IF(B48="Yes",VLOOKUP(A48,'Project Data'!$B$3:$AT$28,12,FALSE)*Inputs!$C$5*'GBFF Pot'!$B$5*Inputs!$C$9,0) -> 0
A49: Ethiopia | B49: =VLOOKUP(A49,'Project Data'!$B$10:$AT$28,43,FALSE) -> Yes | C49: =IF(B49="Yes",VLOOKUP(A49,'Project Data'!$B$3:$AT$28,12,FALSE)*Inputs!$C$5*'GBFF Pot'!$B$5*Inputs!$C$9,0) -> 927137.02
A50: Indonesia | B50: =VLOOKUP(A50,'Project Data'!$B$10:$AT$28,43,FALSE) -> No | C50: =IF(B50="Yes",VLOOKUP(A50,'Project Data'!$B$3:$AT$28,12,FALSE)*Inputs!$C$5*'GBFF Pot'!$B$5*Inputs!$C$9,0) -> 0
A51: Jordan | B51: =VLOOKUP(A51,'Project Data'!$B$10:$AT$28,43,FALSE) -> Yes | C51: =IF(B51="Yes",VLOOKUP(A51,'Project Data'!$B$3:$AT$28,12,FALSE)*Inputs!$C$5*'GBFF Pot'!$B$5*Inputs!$C$9,0) -> 8428.5184
A52: Lao PDR | B52: =VLOOKUP(A52,'Project Data'!$B$10:$AT$28,43,FALSE) -> Yes | C52: =IF(B52="Yes",VLOOKUP(A52,'Project Data'!$B$3:$AT$28,12,FALSE)*Inputs!$C$5*'GBFF Pot'!$B$5*Inputs!$C$9,0) -> 49166.357
A53: Madagascar | B53: =VLOOKUP(A53,'Project Data'!$B$10:$AT$28,43,FALSE) -> No | C53: =IF(B53="Yes",VLOOKUP(A53,'Project Data'!$B$3:$AT$28,12,FALSE)*Inputs!$C$5*'GBFF Pot'!$B$5*Inputs!$C$9,0) -> 0
A54: Mozambique | B54: =VLOOKUP(A54,'Project Data'!$B$10:$AT$28,43,FALSE) -> Yes | C54: =IF(B54="Yes",VLOOKUP(A54,'Project Data'!$B$3:$AT$28,12,FALSE)*Inputs!$C$5*'GBFF Pot'!$B$5*Inputs!$C$9,0) -> 108270.64
... A61: South Africa | B61: =VLOOKUP(A61,'Project Data'!$B$10:$AT$28,43,FALSE) -> No | C61: =IF(B61="Yes",VLOOKUP(A61,'Project Data'!$B$3:$AT$28,12,FALSE)*Inputs!$C$5*'GBFF Pot'!$B$5*Inputs!$C$9,0) -> 0
A62: 12. Private Finance Leveraged (£m) | C62: =SUM(C63:C81) -> 1461231.5 | D62: N/A | E62: =C62+'ICF 25'!C35 -> 2662143.8 | F62: N/A
A63: Angola | B63: =VLOOKUP(A63,'Project Data'!$B$10:$AT$28,43,FALSE) -> No | C63: =IF(B63="Yes",VLOOKUP(A63,'Project Data'!$B$3:$AT$28,11,FALSE)*Inputs!$C$5*'GBFF Pot'!$B$5*Inputs!$C$9,"-") -> -
A64: Belize | B64: =VLOOKUP(A64,'Project Data'!$B$10:$AT$28,43,FALSE) -> Yes | C64: =IF(B64="Yes",VLOOKUP(A64,'Project Data'!$B$3:$AT$28,11,FALSE)*Inputs!$C$5*'GBFF Pot'!$B$5*Inputs!$C$9,"-") -> 0
A65: Cambodia | B65: =VLOOKUP(A65,'Project Data'!$B$10:$AT$28,43,FALSE) -> No | C65: =IF(B65="Yes",VLOOKUP(A65,'Project Data'!$B$3:$AT$28,11,FALSE)*Inputs!$C$5*'GBFF Pot'!$B$5*Inputs!$C$9,"-") -> -
A66: Colombia | B66: =VLOOKUP(A66,'Project Data'!$B$10:$AT$28,43,FALSE) -> Yes | C66: =IF(B66="Yes",VLOOKUP(A66,'Project Data'!$B$3:$AT$28,11,FALSE)*Inputs!$C$5*'GBFF Pot'!$B$5*Inputs!$C$9,"-") -> 371857.17
A67: Costa Rica | B67: =VLOOKUP(A67,'Project Data'!$B$10:$AT$28,43,FALSE) -> Yes | C67: =IF(B67="Yes",VLOOKUP(A67,'Project Data'!$B$3:$AT$28,11,FALSE)*Inputs!$C$5*'GBFF Pot'!$B$5*Inputs!$C$9,"-") -> 5619.0123
A68: Dominican Republic | B68: =VLOOKUP(A68,'Project Data'!$B$10:$AT$28,43,FALSE) -> Yes | C68: =IF(B68="Yes",VLOOKUP(A68,'Project Data'!$B$3:$AT$28,11,FALSE)*Inputs!$C$5*'GBFF Pot'!$B$5*Inputs!$C$9,"-") -> 0
A69: Ethiopia | B69: =VLOOKUP(A69,'Project Data'!$B$10:$AT$28,43,FALSE) -> Yes | C69: =IF(B69="Yes",VLOOKUP(A69,'Project Data'!$B$3:$AT$28,11,FALSE)*Inputs!$C$5*'GBFF Pot'!$B$5*Inputs!$C$9,"-") -> 0
A70: Indonesia | B70: =VLOOKUP(A70,'Project Data'!$B$10:$AT$28,43,FALSE) -> No | C70: =IF(B70="Yes",VLOOKUP(A70,'Project Data'!$B$3:$AT$28,11,FALSE)*Inputs!$C$5*'GBFF Pot'!$B$5*Inputs!$C$9,"-") -> -
A71: Jordan | B71: =VLOOKUP(A71,'Project Data'!$B$10:$AT$28,43,FALSE) -> Yes | C71: =IF(B71="Yes",VLOOKUP(A71,'Project Data'!$B$3:$AT$28,11,FALSE)*Inputs!$C$5*'GBFF Pot'!$B$5*Inputs!$C$9,"-") -> 0
A72: Lao PDR | B72: =VLOOKUP(A72,'Project Data'!$B$10:$AT$28,43,FALSE) -> Yes | C72: =IF(B72="Yes",VLOOKUP(A72,'Project Data'!$B$3:$AT$28,11,FALSE)*Inputs!$C$5*'GBFF Pot'!$B$5*Inputs!$C$9,"-") -> 0
A73: Madagascar | B73: =VLOOKUP(A73,'Project Data'!$B$10:$AT$28,43,FALSE) -> No | C73: =IF(B73="Yes",VLOOKUP(A73,'Project Data'!$B$3:$AT$28,11,FALSE)*Inputs!$C$5*'GBFF Pot'!$B$5*Inputs!$C$9,"-") -> -
A74: Mozambique | B74: =VLOOKUP(A74,'Project Data'!$B$10:$AT$28,43,FALSE) -> Yes | C74: =IF(B74="Yes",VLOOKUP(A74,'Project Data'!$B$3:$AT$28,11,FALSE)*Inputs!$C$5*'GBFF Pot'!$B$5*Inputs!$C$9,"-") -> 1083755.3
... A81: South Africa | B81: =VLOOKUP(A81,'Project Data'!$B$10:$AT$28,43,FALSE) -> No | C81: =IF(B81="Yes",VLOOKUP(A81,'Project Data'!$B$3:$AT$28,11,FALSE)*Inputs!$C$5*'GBFF Pot'!$B$5*Inputs!$C$9,"-") -> -
A82: 17. Land Sustainably Managed (ha) | C82: =SUM(C83:C101) -> 1191871.2 | D82: =Milestones!F7-Milestones!E7 -> 3461775 | E82: =C82+'ICF 25'!C46 -> 6537536.9 | F82: =Milestones!F7 -> 6923550
A83: Angola | B83: No
A84: Belize | B84: Yes | C84: =VLOOKUP(A84,'Project Data'!$B$3:$AT$28,45,FALSE)*Inputs!$C$3*Inputs!$C$4*'GBFF Pot'!$B$5 -> 0
A85: Cambodia | B85: No
A86: Colombia | B86: Yes | C86: =VLOOKUP(A86,'Project Data'!$B$3:$AT$28,45,FALSE)*Inputs!$C$3*Inputs!$C$4*'GBFF Pot'!$B$5 -> 235100.46
A87: Costa Rica | B87: Yes | C87: =VLOOKUP(A87,'Project Data'!$B$3:$AT$28,45,FALSE)*Inputs!$C$3*Inputs!$C$4*'GBFF Pot'!$B$5 -> 7885.1206
A88: Dominican Republic | B88: Yes | C88: =VLOOKUP(A88,'Project Data'!$B$3:$AT$28,45,FALSE)*Inputs!$C$3*Inputs!$C$4*'GBFF Pot'!$B$5 -> 2878.2484
A89: Ethiopia | B89: Yes | C89: =VLOOKUP(A89,'Project Data'!$B$3:$AT$28,45,FALSE)*Inputs!$C$3*Inputs!$C$4*'GBFF Pot'!$B$5 -> 41036.779
A90: Indonesia | B90: No
A91: Jordan | B91: Yes | C91: =VLOOKUP(A91,'Project Data'!$B$3:$AT$28,45,FALSE)*Inputs!$C$3*Inputs!$C$4*'GBFF Pot'!$B$5 -> 48.788736
A92: Lao PDR | B92: Yes | C92: =VLOOKUP(A92,'Project Data'!$B$3:$AT$28,45,FALSE)*Inputs!$C$3*Inputs!$C$4*'GBFF Pot'!$B$5 -> 1721.9554
A93: Madagascar | B93: No
A94: Mozambique | B94: Yes | C94: =VLOOKUP(A94,'Project Data'!$B$3:$AT$28,45,FALSE)*Inputs!$C$3*Inputs!$C$4*'GBFF Pot'!$B$5 -> 833802.36
A95: Nepal | B95: Yes | C95: =VLOOKUP(A95,'Project Data'!$B$3:$AT$28,45,FALSE)*Inputs!$C$3*Inputs!$C$4*'GBFF Pot'!$B$5 -> 4455.5595
A96: Palau | B96: Yes | C96: =VLOOKUP(A96,'Project Data'!$B$3:$AT$28,45,FALSE)*Inputs!$C$3*Inputs!$C$4*'GBFF Pot'!$B$5 -> 36.582942
A97: Samoa | B97: Yes | C97: =VLOOKUP(A97,'Project Data'!$B$3:$AT$28,45,FALSE)*Inputs!$C$3*Inputs!$C$4*'GBFF Pot'!$B$5 -> 7805.7672
A98: Philippines 1 | B98: No
A99: Philippines 2 | B99: Yes | C99: =VLOOKUP(A99,'Project Data'!$B$3:$AT$28,45,FALSE)*Inputs!$C$3*Inputs!$C$4*'GBFF Pot'!$B$5 -> 57099.61
A100: Senegal | B100: No
A101: South Africa | B101: No
A102: TA 1. Countries Supported (#) | B102: =COUNTIF(B103:B121,"Yes") -> 12 | D102: N/A | E102: =B102+'ICF 25'!C57 -> 20 | F102: N/A | G102: =B102 -> 12
A103: Angola | B103: =VLOOKUP(A103,'Project Data'!$B$10:$AT$28,43,FALSE) -> No
A104: Belize | B104: =VLOOKUP(A104,'Project Data'!$B$10:$AT$28,43,FALSE) -> Yes
A105: Cambodia | B105: =VLOOKUP(A105,'Project Data'!$B$10:$AT$28,43,FALSE) -> No
A106: Colombia | B106: =VLOOKUP(A106,'Project Data'!$B$10:$AT$28,43,FALSE) -> Yes
A107: Costa Rica | B107: =VLOOKUP(A107,'Project Data'!$B$10:$AT$28,43,FALSE) -> Yes
A108: Dominican Republic | B108: =VLOOKUP(A108,'Project Data'!$B$10:$AT$28,43,FALSE) -> Yes
A109: Ethiopia | B109: =VLOOKUP(A109,'Project Data'!$B$10:$AT$28,43,FALSE) -> Yes
A110: Indonesia | B110: =VLOOKUP(A110,'Project Data'!$B$10:$AT$28,43,FALSE) -> No
A111: Jordan | B111: =VLOOKUP(A111,'Project Data'!$B$10:$AT$28,43,FALSE) -> Yes
A112: Lao PDR | B112: =VLOOKUP(A112,'Project Data'!$B$10:$AT$28,43,FALSE) -> Yes
A113: Madagascar | B113: =VLOOKUP(A113,'Project Data'!$B$10:$AT$28,43,FALSE) -> No
A114: Mozambique | B114: =VLOOKUP(A114,'Project Data'!$B$10:$AT$28,43,FALSE) -> Yes
... A121: South Africa | B121: =VLOOKUP(A121,'Project Data'!$B$10:$AT$28,43,FALSE) -> No
A122: TA 2. Individuals supported (#) | C122: =SUM(C123:C141) -> 12515.746 | D122: N/A | E122: =C122+'ICF 25'!C68 -> 54610.455 | F122: N/A | G122: =C122-H122 -> 6275.9231 | H122: =SUM(H123:H141) -> 6239.8225
A123: Angola | B123: No | C123: 0 | H123: 0
A124: Belize | B124: Yes | C124: =VLOOKUP(A124,'Project Data'!$B$3:$AT$28,41,FALSE)*Inputs!$C$3*'GBFF Pot'!$B$5 -> 30.209743 | H124: =VLOOKUP(A124,'Project Data'!$B$3:$AT$28,42,FALSE)*Inputs!$C$3*'GBFF Pot'!$B$5 -> 15.104872
A125: Cambodia | B125: No | C125: 0 | H125: 0
A126: Colombia | B126: Yes | C126: =VLOOKUP(A126,'Project Data'!$B$3:$AT$28,41,FALSE)*Inputs!$C$3*'GBFF Pot'!$B$5 -> 583.04805 | H126: =VLOOKUP(A126,'Project Data'!$B$3:$AT$28,42,FALSE)*Inputs!$C$3*'GBFF Pot'!$B$5 -> 303.15477
A127: Costa Rica | B127: Yes | C127: =VLOOKUP(A127,'Project Data'!$B$3:$AT$28,41,FALSE)*Inputs!$C$3*'GBFF Pot'!$B$5 -> 335.93235 | H127: =VLOOKUP(A127,'Project Data'!$B$3:$AT$28,42,FALSE)*Inputs!$C$3*'GBFF Pot'!$B$5 -> 137.75643
A128: Dominican Republic | B128: Yes | C128: =VLOOKUP(A128,'Project Data'!$B$3:$AT$28,41,FALSE)*Inputs!$C$3*'GBFF Pot'!$B$5 -> 75.524358 | H128: =VLOOKUP(A128,'Project Data'!$B$3:$AT$28,42,FALSE)*Inputs!$C$3*'GBFF Pot'!$B$5 -> 37.762179
A129: Ethiopia | B129: Yes | C129: =VLOOKUP(A129,'Project Data'!$B$3:$AT$28,41,FALSE)*Inputs!$C$3*'GBFF Pot'!$B$5 -> 1359.4385 | H129: =VLOOKUP(A129,'Project Data'!$B$3:$AT$28,42,FALSE)*Inputs!$C$3*'GBFF Pot'!$B$5 -> 679.71923
A130: Indonesia | B130: No | C130: 0 | H130: 0
...

Sheet DI 25
B1: In-year Result | C1: In-year Target | D1: Cumulative Result | E1: Cumulative Target
A2: DI KPI 1: Area under Sunstainable Mangement (ha) | B2: =SUM(B3:B11) -> 6359869.5 | C2: =Milestones!E7 -> 3461775 | D2: =B2 -> 6359869.5 | E2: =Milestones!E7 -> 3461775
A3: Mexico | B3: =VLOOKUP(A3,'Project Data'!$B$3:$AT$28,45,FALSE)*Inputs!$C$3*Inputs!$C$4*'GBFF Pot'!$B$5 -> 3717582.5
A4: Brazil 1 | B4: =VLOOKUP(A4,'Project Data'!$B$3:$AT$28,45,FALSE)*Inputs!$C$3*Inputs!$C$4*'GBFF Pot'!$B$5 -> 657474.32
A5: Brazil 2 | B5: =VLOOKUP(A5,'Project Data'!$B$3:$AT$28,45,FALSE)*Inputs!$C$3*Inputs!$C$4*'GBFF Pot'!$B$5 -> 918376.2
A6: Gabon | B6: =VLOOKUP(A6,'Project Data'!$B$3:$AT$28,45,FALSE)*Inputs!$C$3*Inputs!$C$4*'GBFF Pot'!$B$5 -> 162753.48
A7: Congo DR | B7: =VLOOKUP(A7,'Project Data'!$B$3:$AT$28,45,FALSE)*Inputs!$C$3*Inputs!$C$4*'GBFF Pot'!$B$5 -> 52232.646
A8: Peru | B8: =VLOOKUP(A8,'Project Data'!$B$3:$AT$28,45,FALSE)*Inputs!$C$3*Inputs!$C$4*'GBFF Pot'!$B$5 -> 659986.78
A9: Cameroon | B9: =(VLOOKUP("Cameroon, CAR, Congo",'Project Data'!$B$3:$AT$28,45,FALSE)*Inputs!$C$3*Inputs!$C$4*'GBFF Pot'!$B$5/3) -> 63821.167
A10: Congo | B10: =(VLOOKUP("Cameroon, CAR, Congo",'Project Data'!$B$3:$AT$28,45,FALSE)*Inputs!$C$3*Inputs!$C$4*'GBFF Pot'!$B$5/3) -> 63821.167
A11: CAR | B11: =(VLOOKUP("Cameroon, CAR, Congo",'Project Data'!$B$3:$AT$28,45,FALSE)*Inputs!$C$3*Inputs!$C$4*'GBFF Pot'!$B$5/3) -> 63821.167
A13: DI KPI 1a: Annual area of ecosystem (land or sea) which has benefitted from a restoration activity as a result of Defra ODA funding (ha) | B13: =SUM(B14:B22) -> 2265.7308 | C13: N/A | D13: =B13 -> 2265.7308 | E13: N/A
A14: Mexico | B14: =VLOOKUP(A14,'Project Data'!$B$3:$AT$28,22,FALSE)*Inputs!$C$3*'GBFF Pot'!$B$5 -> 0
A15: Brazil 1 | B15: =VLOOKUP(A15,'Project Data'!$B$3:$AT$28,22,FALSE)*Inputs!$C$3*'GBFF Pot'!$B$5 -> 0
A16: Brazil 2 | B16: =VLOOKUP(A16,'Project Data'!$B$3:$AT$28,22,FALSE)*Inputs!$C$3*'GBFF Pot'!$B$5 -> 0
A17: Gabon | B17: =VLOOKUP(A17,'Project Data'!$B$3:$AT$28,22,FALSE)*Inputs!$C$3*'GBFF Pot'!$B$5 -> 0
A18: Congo DR | B18: =VLOOKUP(A18,'Project Data'!$B$3:$AT$28,22,FALSE)*Inputs!$C$3*'GBFF Pot'!$B$5 -> 2114.682
A19: Peru | B19: =VLOOKUP(A19,'Project Data'!$B$3:$AT$28,22,FALSE)*Inputs!$C$3*'GBFF Pot'!$B$5 -> 151.04872
A20: Cameroon | B20: =(VLOOKUP("Cameroon, CAR, Congo",'Project Data'!$B$3:$AT$28,22,FALSE)*Inputs!$C$3*'GBFF Pot'!$B$5)/3 -> 0
A21: Congo | B21: =(VLOOKUP("Cameroon, CAR, Congo",'Project Data'!$B$3:$AT$28,22,FALSE)*Inputs!$C$3*'GBFF Pot'!$B$5)/3 -> 0
A22: CAR | B22: =(VLOOKUP("Cameroon, CAR, Congo",'Project Data'!$B$3:$AT$28,22,FALSE)*Inputs!$C$3*'GBFF Pot'!$B$5)/3 -> 0
A24: DI 1b: Annual area of land or sea that has been put under some form or protection or had existing protections increased as a result of Defra ODA funding. (OECM’s)
A25: Mexico
A26: Brazil 1
A27: Brazil 2
A28: Gabon
A29: Congo DR
A30: Peru
A31: Cameroon
A32: Congo
A33: CAR

Sheet DI 26
B1: In-year Result | C1: In-year Target | D1: Cumulative Result | E1: Cumulative Target
A2: DI KPI 1: Area under Sunstainable Mangement (ha) | B2: =SUM(B3:B21) -> 1884791.7 | C2: =Milestones!E7 -> 3461775 | D2: =B2 -> 1884791.7 | E2: =Milestones!E7 -> 3461775
A3: Angola | B3: =VLOOKUP(A3,'Project Data'!$B$3:$AT$28,45,FALSE)*Inputs!$C$3*Inputs!$C$4*'GBFF Pot'!$B$5 -> 142922.3
A4: Belize | B4: =VLOOKUP(A4,'Project Data'!$B$3:$AT$28,45,FALSE)*Inputs!$C$3*Inputs!$C$4*'GBFF Pot'!$B$5 -> 0
A5: Cambodia | B5: =VLOOKUP(A5,'Project Data'!$B$3:$AT$28,45,FALSE)*Inputs!$C$3*Inputs!$C$4*'GBFF Pot'!$B$5 -> 431.06283
A6: Colombia | B6: =VLOOKUP(A6,'Project Data'!$B$3:$AT$28,45,FALSE)*Inputs!$C$3*Inputs!$C$4*'GBFF Pot'!$B$5 -> 235100.46
A7: Costa Rica | B7: =VLOOKUP(A7,'Project Data'!$B$3:$AT$28,45,FALSE)*Inputs!$C$3*Inputs!$C$4*'GBFF Pot'!$B$5 -> 7885.1206
A8: Dominican Republic | B8: =VLOOKUP(A8,'Project Data'!$B$3:$AT$28,45,FALSE)*Inputs!$C$3*Inputs!$C$4*'GBFF Pot'!$B$5 -> 2878.2484
A9: Ethiopia | B9: =VLOOKUP(A9,'Project Data'!$B$3:$AT$28,45,FALSE)*Inputs!$C$3*Inputs!$C$4*'GBFF Pot'!$B$5 -> 41036.779
A10: Indonesia | B10: =VLOOKUP(A10,'Project Data'!$B$3:$AT$28,45,FALSE)*Inputs!$C$3*Inputs!$C$4*'GBFF Pot'!$B$5 -> 277326.22
A11: Jordan | B11: =VLOOKUP(A11,'Project Data'!$B$3:$AT$28,45,FALSE)*Inputs!$C$3*Inputs!$C$4*'GBFF Pot'!$B$5 -> 48.788736
A12: Lao PDR | B12: =VLOOKUP(A12,'Project Data'!$B$3:$AT$28,45,FALSE)*Inputs!$C$3*Inputs!$C$4*'GBFF Pot'!$B$5 -> 1721.9554
A13: Madagascar | B13: =VLOOKUP(A13,'Project Data'!$B$3:$AT$28,45,FALSE)*Inputs!$C$3*Inputs!$C$4*'GBFF Pot'!$B$5 -> 107290.02
A14: Mozambique | B14: =VLOOKUP(A14,'Project Data'!$B$3:$AT$28,45,FALSE)*Inputs!$C$3*Inputs!$C$4*'GBFF Pot'!$B$5 -> 833802.36
... A21: South Africa | B21: =VLOOKUP(A21,'Project Data'!$B$3:$AT$28,45,FALSE)*Inputs!$C$3*Inputs!$C$4*'GBFF Pot'!$B$5 -> 141020.97
A23: DI KPI 1a: Annual area of ecosystem (land or sea) which has benefitted from a restoration activity as a result of Defra ODA funding (ha) | B23: =SUM(B24:B42) -> 9663.0456 | C23: N/A | D23: =B23 -> 9663.0456 | E23: N/A
A24: Angola | B24: =VLOOKUP(A24,'Project Data'!$B$3:$AT$28,22,FALSE)*Inputs!$C$3*'GBFF Pot'!$B$5 -> 0
A25: Belize | B25: =VLOOKUP(A25,'Project Data'!$B$3:$AT$28,22,FALSE)*Inputs!$C$3*'GBFF Pot'!$B$5 -> 0
A26: Cambodia | B26: =VLOOKUP(A26,'Project Data'!$B$3:$AT$28,22,FALSE)*Inputs!$C$3*'GBFF Pot'!$B$5 -> 0.60419487
A27: Colombia | B27: =VLOOKUP(A27,'Project Data'!$B$3:$AT$28,22,FALSE)*Inputs!$C$3*'GBFF Pot'!$B$5 -> 101.95788
A28: Costa Rica | B28: =VLOOKUP(A28,'Project Data'!$B$3:$AT$28,22,FALSE)*Inputs!$C$3*'GBFF Pot'!$B$5 -> 0
A29: Dominican Republic | B29: =VLOOKUP(A29,'Project Data'!$B$3:$AT$28,22,FALSE)*Inputs!$C$3*'GBFF Pot'!$B$5 -> 0
A30: Ethiopia | B30: =VLOOKUP(A30,'Project Data'!$B$3:$AT$28,22,FALSE)*Inputs!$C$3*'GBFF Pot'!$B$5 -> 6041.9487
A31: Indonesia | B31: =VLOOKUP(A31,'Project Data'!$B$3:$AT$28,22,FALSE)*Inputs!$C$3*'GBFF Pot'!$B$5 -> 0
A32: Jordan | B32: =VLOOKUP(A32,'Project Data'!$B$3:$AT$28,22,FALSE)*Inputs!$C$3*'GBFF Pot'!$B$5 -> 18.125846
A33: Lao PDR | B33: =VLOOKUP(A33,'Project Data'!$B$3:$AT$28,22,FALSE)*Inputs!$C$3*'GBFF Pot'!$B$5 -> 453.14615
A34: Madagascar | B34: =VLOOKUP(A34,'Project Data'!$B$3:$AT$28,22,FALSE)*Inputs!$C$3*'GBFF Pot'!$B$5 -> 0
A35: Mozambique | B35: =VLOOKUP(A35,'Project Data'!$B$3:$AT$28,22,FALSE)*Inputs!$C$3*'GBFF Pot'!$B$5 -> 0
... A42: South Africa | B42: =VLOOKUP(A42,'Project Data'!$B$3:$AT$28,22,FALSE)*Inputs!$C$3*'GBFF Pot'!$B$5 -> 0
A44: DI 1b: Annual area of land or sea that has been put under some form or protection or had existing protections increased as a result of Defra ODA funding. (OECM’s)
A45: Angola
A46: Belize
A47: Cambodia
A48: Colombia
A49: Costa Rica
A50: Dominican Republic
A51: Ethiopia
A52: Indonesia
A53: Jordan
A54: Lao PDR
A55: Madagascar
... A63: South Africa
